 Dungeon Crawl Stone Soup version 0.30.2 (webtiles) character file.

Game seed: 4290534646157009063

6571585 Nonny the Merfolkian Barricade (level 27, 242/242 HPs)
             Began as a Merfolk Gladiator on Mar 30, 2024.
             Was the Champion of Dithmenos.
             Escaped with the Orb
             ... and 8 runes on Mar 31, 2024!
             The game lasted 05:29:37 (72677 turns).

Nonny the Merfolkian Barricade (Merfolk Gladiator) Turns: 72677, Time: 05:29:38

Health: 242/242    AC: 23    Str: 18 (19) XL:     27
Magic:  27/27      EV: 41    Int: 15      God:    Dithmenos [******]
Gold:   3764       SH: 38    Dex: 29      Spells: 26/26 levels left

rFire   + + .        c - +5 scimitar (holy)
rCold   + . .        h - +4 tower shield
rNeg    + . .        Y - +4 ring mail {rF+}
rPois   +            p - +3 crown of Dyrovepreva {rElec Int+2 SInv}
rElec   +            J - -1 cloak of Tender Moments {Contam rPois Regen+ Stlth+}
rCorr   .            r - +0 pair of fencer's gloves {Riposte Dex+3}
SInv    +            v - +2 pair of boots {rampage}
Will    ++...        Z - amulet "Yvuh Bol" {Reflect Fragile Int+3 Dex+2 SH+5}
Stlth   +++++++      t - ring "Lobeul" {rC+ EV+5 Int-2 SInv Stlth+}
HPRegen 1.40/turn    X - ring of positive energy
MPRegen 0.20/turn

%: reflection, rampage
@: wreathed by umbra
A: (nimble swimmer 2), mertail, iridescent scales 1, clever 1, deterioration 1,
fire resistance 1, strong 1
0: Orb of Zot
}: 8/15 runes: decaying, slimy, silver, icy, abyssal, demonic, fiery, gossamer
a: Renounce Religion, Shadow Step, Shadow Form


You escaped.
You worshipped Dithmenos.
Dithmenos was exalted by your worship.
You visited 13 branches of the dungeon, and saw 61 of its levels.
You visited Pandemonium 1 time, and saw 6 of its levels.
You visited the Abyss 1 time.
You also visited: Bailey and Wizlab.

You collected 10381 gold pieces.
You spent 6617 gold pieces at shops.

Inventory:

Hand Weapons
 c - a +5 scimitar of holy wrath (weapon)
 M - a +9 dagger of electrocution
Missiles
 a - 3 silver javelins
 b - 14 curare-tipped darts
 d - 3 throwing nets
 e - 10 javelins
 f - 25 boomerangs (quivered)
 l - 11 atropa-tipped darts
Armour
 h - a +4 tower shield (worn)
 j - the +2 chain mail of Pamim {rN+ SInv}
   (You found it on level 7 of Cocytus)

   rN:        It protects you from negative energy.
   SInv:      It lets you see invisible.
 p - the +3 crown of Dyrovepreva (worn) {rElec Int+2 SInv}
   (You found it in a bailey)

   Int:       It affects your intelligence (+2).
   rElec:     It insulates you from electricity.
   SInv:      It lets you see invisible.
 r - the +0 pair of fencer's gloves (worn) {Riposte Dex+3}
   (You bought it in a shop on level 2 of the Orcish Mines)

   Riposte:   It allows the wearer to riposte with melee weapons, swiftly
   retaliating against missed or blocked melee attacks.
   Dex:       It affects your dexterity (+3).
 v - a +2 pair of boots of rampaging (worn)
 J - the -1 cloak of Tender Moments (worn) {Contam rPois Regen+ Stlth+}
   (You bought it in a shop on level 5 of the Vaults)

   rPois:     It protects you from poison.
   Contam:    It causes magical contamination when unequipped.
   Regen:     It increases your rate of health regeneration.
   Stlth:     It makes you more stealthy.
 Y - a +4 ring mail of fire resistance (worn)
Jewellery
 g - a ring of resist corrosion
 t - the ring "Lobeul" (left hand) {rC+ EV+5 Int-2 SInv Stlth+}
   (You found it on level 5 of the Vaults)

   [ring of evasion]

   EV:        It affects your evasion (+5).
   Int:       It affects your intelligence (-2).
   rC:        It protects you from cold.
   SInv:      It lets you see invisible.
   Stlth:     It makes you more stealthy.
 G - a ring of protection from fire
 I - the ring of Saralauk {AC+4 Dex+3}
   (You acquired it in a bailey)

   [ring of protection]

   AC:        It affects your AC (+4).
   Dex:       It affects your dexterity (+3).
 P - a ring of positive energy
 S - a ring of protection from cold
 X - a ring of positive energy (right hand)
 Z - the amulet "Yvuh Bol" (around neck) {Reflect Fragile Int+3 Dex+2 SH+5}
   (You took it off a deep elf death mage on level 3 of the Elven Halls)

   [amulet of reflection]

   It reflects blocked missile attacks.
   Int:       It affects your intelligence (+3).
   Dex:       It affects your dexterity (+2).
   Fragile:   It will be destroyed if unequipped.
   SH:        It affects your SH (+5).
Wands
 u - a wand of roots (32)
 x - a wand of flame (99)
 y - a wand of digging (5)
 C - a wand of polymorph (17)
 H - a wand of acid (52)
 K - a wand of mindburst (34)
 L - a wand of paralysis (50)
Scrolls
 n - 25 scrolls of teleportation
 O - 6 scrolls of fog
 R - 9 scrolls of fear
 T - 5 scrolls of blinking
 V - 4 scrolls of silence
Potions
 m - 2 potions of berserk rage
 q - 30 potions of curing
 s - 2 potions of haste
 w - 8 potions of magic
 z - 11 potions of heal wounds
 A - 3 potions of might
 E - 6 potions of mutation
 F - a potion of cancellation
 N - 4 potions of resistance
 U - 5 potions of invisibility
 W - 11 potions of flight
Miscellaneous
 k - a phantom mirror
 o - a box of beasts (inert)
 B - a lightning rod (4/4)
 D - a phial of floods
 Q - a condenser vane


   Skills:
 - Level 25.2 Fighting
 - Level 20.7 Long Blades
 - Level 14.0 Throwing
 + Level 15.3 Armour
 - Level 25.0 Dodging
 - Level 20.0 Stealth
 O Level 27 Shields
 - Level 6.0 Invocations
 - Level 15.0 Evocations


You had 26 spell levels left.
You didn't know any spells.
Your spell library contained the following spells:

 Spells                   Type           Power      Damage    Failure   Level
 Apportation              Tloc           0%         N/A       36%         1
 Beastly Appendage        Tmut           0%         N/A       36%         1
 Foxfire                  Conj/Fire      0%         2x1d4     36%         1
 Magic Dart               Conj           0%         1d3       36%         1
 Shock                    Conj/Air       0%         1d3       36%         1
 Slow                     Hex            0%         N/A       36%         1
 Sting                    Tmut/Pois      0%         1d3       36%         1
 Blink                    Tloc           0%         N/A       52%         2
 Call Imp                 Summ           0%         N/A       52%         2
 Cigotuvi's Dreadful Rot  Necr/Pois/Air  0%         N/A       52%         2
 Ensorcelled Hibernation  Hex/Ice        0%         N/A       52%         2
 Lesser Beckoning         Tloc           0%         N/A       52%         2
 Passwall                 Tmut/Erth      0%         N/A       52%         2
 Poisonous Vapours        Pois/Air       0%         N/A       52%         2
 Scorch                   Fire           0%         2d5       52%         2
 Searing Ray              Conj           0%         2d4       52%         2
 Sublimation of Blood     Necr           0%         N/A       52%         2
 Wereblood                Tmut           0%         N/A       52%         2
 Call Canine Familiar     Summ           0%         N/A       75%         3
 Confusing Touch          Hex            0%         N/A       75%         3
 Dazzling Flash           Conj/Hex       0%         N/A       75%         3
 Gell's Gravitas          Tloc           0%         N/A       75%         3
 Hailstorm                Conj/Ice       0%         3d3       75%         3
 Inner Flame              Hex/Fire       0%         N/A       75%         3
 Mephitic Cloud           Conj/Pois/Air  0%         N/A       75%         3
 Ozocubu's Armour         Ice            0%         N/A       75%         3
 Portal Projectile        Hex/Tloc       0%         N/A       75%         3
 Spider Form              Tmut/Pois      0%         N/A       75%         3
 Stone Arrow              Conj/Erth      0%         3d7       75%         3
 Swiftness                Air            0%         N/A       75%         3
 Teleport Other           Tloc           0%         N/A       75%         3
 Tukima's Dance           Hex            0%         N/A       75%         3
 Vampiric Draining        Necr           0%         2d6       75%         3
 Vhi's Electric Charge    Tloc/Air       0%         N/A       75%         3
 Volatile Blastmotes      Fire/Tloc      0%         2d10      75%         3
 Airstrike                Air            0%         2d(0-16)  98%         4
 Anguish                  Hex/Necr       0%         N/A       98%         4
 Animate Armour           Summ/Erth      0%         N/A       98%         4
 Animate Dead             Necr           0%         N/A       98%         4
 Cause Fear               Hex            0%         N/A       98%         4
 Dispel Undead            Necr           0%         3d6       98%         4
 Flame Wave               Conj/Fire      0%         2d4       98%         4
 Fulminant Prism          Conj/Hex       0%         3d5       98%         4
 Ice Form                 Ice/Tmut       0%         N/A       98%         4
 Iskenderun's Mystic Bla  Conj/Tloc      0%         2d3       98%         4
 Leda's Liquefaction      Hex/Erth       0%         N/A       98%         4
 Manifold Assault         Tloc           0%         N/A       98%         4
 Olgreb's Toxic Radiance  Pois           0%         N/A       98%         4
 Passage of Golubria      Tloc           0%         N/A       98%         4
 Petrify                  Tmut/Erth      0%         N/A       98%         4
 Sticky Flame             Conj/Fire      0%         2d3       98%         4
 Summon Ice Beast         Ice/Summ       0%         N/A       98%         4
 Alistair's Intoxication  Tmut/Pois      0%         N/A       100%        5
 Arcjolt                  Conj/Air       0%         1d10      100%        5
 Blade Hands              Tmut           0%         N/A       100%        5
 Borgnjor's Vile Clutch   Necr/Erth      0%         N/A       100%        5
 Fireball                 Conj/Fire      0%         3d3       100%        5
 Irradiate                Conj/Tmut      0%         3d11      100%        5
 Iskenderun's Battlesphe  Conj           0%         2d6       100%        5
 Lee's Rapid Deconstruct  Erth           0%         3d4*      100%        5
 Metabolic Englaciation   Hex/Ice        0%         N/A       100%        5
 Silence                  Hex/Air        0%         N/A       100%        5
 Summon Forest            Summ/Tloc      0%         N/A       100%        5
 Summon Mana Viper        Hex/Summ       0%         N/A       100%        5
 Yara's Violent Unravell  Hex/Tmut       0%         3d3       100%        5
 Conjure Ball Lightning   Conj/Air       0%         3x3d6     100%        6
 Death Channel            Necr           0%         N/A       100%        6
 Eringya's Noxious Bog    Tmut/Pois      0%         N/A       100%        6
 Iron Shot                Conj/Erth      0%         9d1       100%        6
 Plasma Beam              Fire/Air       0%         2x1d11    100%        6
 Simulacrum               Ice/Necr       0%         N/A       100%        6
 Statue Form              Tmut/Erth      0%         N/A       100%        6
 Summon Cactus Giant      Summ           0%         N/A       100%        6
 Dragon Form              Tmut           0%         N/A       100%        7
 Haunt                    Necr/Summ      0%         N/A       100%        7
 Malign Gateway           Summ/Tloc      0%         N/A       100%        7
 Monstrous Menagerie      Summ           0%         N/A       100%        7
 Ozocubu's Refrigeration  Ice            0%         4d7       100%        7
 Spellforged Servitor     Conj/Summ      0%         N/A       100%        7
 Storm Form               Tmut/Air       0%         N/A       100%        7
 Summon Hydra             Summ           0%         N/A       100%        7
 Discord                  Hex            0%         N/A       100%        8
 Disjunction              Tloc           0%         N/A       100%        8
 Infestation              Necr           0%         N/A       100%        8
 Lehudib's Crystal Spear  Conj/Erth      0%         10d2      100%        8
 Maxwell's Capacitive Co  Air            0%         ∞         100%        8
 Necromutation            Tmut/Necr      0%         N/A       100%        8
 Dragon's Call            Summ           0%         N/A       100%        9


Dungeon Overview and Level Annotations

Branches:
Dungeon (15/15)            Temple (1/1) D:4            Lair (5/5) D:9
  Swamp (4/4) Lair:3       Spider (4/4) Lair:2        Slime (5/5) Lair:5
    Orc (2/2) D:11            Elf (3/3) Orc:2        Vaults (5/5) D:13
  Crypt (0/3) Vaults:2     Depths (4/4) D:15           Hell (visited)
    Dis (0/7) Hell            Geh (0/7) Hell            Coc (7/7) Hell
    Zot (5/5) Depths:4     Bailey (visited)          WizLab (visited)
    Tar: Hell:1

Altars:
Ashenzari
Cheibriados
Dithmenos
Elyvilon
Fedhas
Gozag
Hepliaklqana
Kikubaaqudgha
Makhleb
Nemelex Xobeh
Okawaru
Qazlal
Ru
Sif Muna
Trog
Uskayaw
Vehumet
Wu Jian
Xom
Yredelemnul
Zin
The Shining One
Jiyva
Lugonu

Shops:
D:6 !   D:9 :   D:13 *   D:14 ?   Orc:2 :*([=   Elf:3 ?!:!   Vaults:3 (?!
Vaults:5 ([   Zot:1 *

Portals:
Hell: Depths:1 Depths:2 Depths:3 Depths:4
Abyss: Lair:1 Lair:5 Depths:2 Depths:3
Pandemonium: Depths:2 Depths:4
Ziggurat: Depths:2

Annotations:
Elf:2 3 runed translucent doors
Hell exclusion: 3 doors
Zot:5 exclusion: 2 upstairs


Innate Abilities, Weirdness & Mutations

((You are very nimble when in or above water. (Stealth+, EV+, Speed+++)))
Your lower body shifts to a powerful aquatic tail in water.
You are partially covered in iridescent scales. (AC +2)
Your mind is acute. (Int +4, Str/Dex -1)
Your body sometimes deteriorates upon taking damage.
Your flesh is heat resistant. (rF+)
Your muscles are strong. (Str +4, Int/Dex -1)


Message History

There is an escape hatch in the ceiling here.
A mysterious force pulls you upwards. The hatch slams shut behind you.
A blizzard demon comes into view.
The blizzard demon waves its arms in wide circles.
The air twists around and strikes you. The blizzard demon gestures at you.
The freezing blast misses you.
You are engulfed in freezing vapours.
You resist.
You are engulfed in freezing vapours.
You resist.
The blizzard demon completely misses you.
You block the blizzard demon's attack.
You riposte.
You slash the blizzard demon!
The blizzard demon convulses!
The blizzard demon is moderately wounded.
You open the blizzard demon like a pillowcase!!!
The blizzard demon convulses!!!
You kill the blizzard demon!
Dithmenos accepts your kill.
You are engulfed in freezing vapours.
You resist.
Really walk into that cloud of freezing vapour?
You are engulfed in freezing vapours.
You resist.
There is a stone staircase leading up here.
You climb upwards.
There is a stone staircase leading down here.
HP restored.
There is an escape hatch in the ceiling here.
A mysterious force pulls you upwards. The hatch slams shut behind you.
There is an escape hatch in the ceiling here.
A mysterious force pulls you upwards. The hatch slams shut behind you.
Aiming: Dig
Press: ? - help, Shift-Dir - straight line A rock wall.
This square is wreathed by an umbra and is covered in magical glow.
The rock shatters into small pieces.
There is a staircase leading out of the dungeon here.
Okay, then.
Okay, then.
You open the lid... ...and a mature fireweird beast leaps out!
The box is emptied!
You have escaped!

.....##.#.⌠.....⌠.....⌠.#.#.#.# #
##.#.##.#...###...###...#.#.#.# #
#.#.##.##.## ##### #####.....# #
##.#.##.#...###...###...#.#.### #
......#.#.⌠.....⌠.....⌠.#.#.#####
##.#.##.#...###...###...#.#......
##'#.##.##### ##### ##.##...#####
#....##.#...###H..###...#.#.#
#....#..#.⌠.....@.....⌠.#.#)#
#....#.##...###...###...#.#.#
#....#.###'#.###### #####...###
.....#.....##.## ##...[#
##.###.#######.## ###..## ##.#
#.# ##.## ##..# ...# #.# ##.##
##.# #### #.# ##.####### #.#
######.# ##......# #.#


You could see a friendly mature fireweird beast (summoned).

Vanquished Creatures
  Cerebov (Pan)
  the Royal Jelly (Slime:5)
  A seraph (Pan)
  6 dread liches
  5 ancient liches
  4 orbs of fire
  Vv (Depths:2)
  14 shard shrikes
  3 Killer Klowns
  2 curse toes
  2 caustic shrikes (Depths:2)
  Saint Roka (Vaults:1)
  Geryon (Hell)
  12 golden dragons
  Nikola (Swamp:3)
  2 bone dragons
  3 doom hounds
  A Tzitzimitl (Depths:1)
  2 electric golems
  A pearl dragon (Pan)
  3 Brimstone Fiends (Pan)
  Rupert (Lair:5)
  26 Orb Guardians
  A walking crystal tome (Depths:3)
  21 Ice Fiends
  19 tentacled monstrosities
  2 liches
  Grunn (Depths:2)
  20 acid blobs
  15 titans
  A walking divine tome (Depths:2)
  2 deep elf blademasters (Elf:3)
  7 quicksilver dragons
  2 deep elf master archers (Elf:3)
  A tentacled starspawn (Abyss:3)
  2 Executioners (Pan)
  5 sphinxes
  An ancient champion (Vaults:2)
  9 death cobs
  The ghost of iishen the Markscentaur, an adept CeHu of Okawaru (Spider:1)
  7 storm dragons
  7 tengu reavers
  14 shadow dragons
  19 narguns
  2 draconian monks (Zot:3)
  10 rockslimes
  4 draconian knights
  3 daevas (Pan)
  14 frost giants
  A demonspawn warmonger (Pan)
  6 iron dragons
  11 azure jellies
  9 fire giants
  5 deep elf sorcerers (Elf:3)
  23 angels (Pan)
  9 vault wardens
  11 balrugs
  3 emperor scorpions
  12 ironbound preservers
  2 draconian scorchers
  4 shard shrike simulacra
  2 cacodemons
  An orc warlord (Vaults:1)
  9 ghost moths
  4 draconian shifters
  2 reapers
  2 draconian annihilators
  A ghoul (Swamp:3)
  3 quicksilver oozes
  5 war gargoyles
  A spriggan defender (Depths:3)
  19 very ugly things
  2 deep elf elementalists (Elf:3)
  13 ophanim (Pan)
  6 draconian stormcallers
  2 eleionomae (Swamp:4)
  14 green draconians
  A demonspawn blood saint (Pan)
  10 black draconians
  19 stone giants
  The ghost of porpoise the Hand of Fortune, a journeyman DsGl of Nemelex Xobeh (D:12)
  6 deep elf demonologists
  16 elemental wellsprings
  6 ironbound thunderhulks
  5 bunyips
  A dire elephant (shapeshifter) (Depths:3)
  2 putrid mouths (Depths:2)
  12 yellow draconians
  5 vampire knights
  11 apis (Pan)
  9 deep elf annihilators
  Azrael (Orc:2)
  2 white draconians
  9 wendigos
  An eidolon (Vaults:2)
  5 red draconians
  5 spark wasps
  2 crystal guardians (Vaults:4)
  11 dire elephants
  21 purple draconians
  9 statues (WizLab)
  14 fire dragons
  2 shambling mangroves
  A merfolk javelineer (Depths:3)
  2 blizzard demons
  The ghost of snydleywhiplash the Executioner, a journeyman MiFi of Okawaru (D:13)
  An ettin (shapeshifter) (Vaults:5)
  5 deep elf death magi (Elf:3)
  6 rakshasas
  10 yaktaur captains
  11 entropy weavers
  14 ettins
  3 deep elf high priests
  11 hydras
  7 caustic shrike simulacra
  10 great orbs of eyes
  4 hell beasts
  The ghost of porpoise the Marksminotaur, a journeyman MiHu of Hepliaklqana (Lair:3)
  9 ice dragons
  7 juggernaut simulacra
  3 peacekeepers (Vaults:4)
  3 spriggan air magi (Depths:3)
  5 catoblepae
  3 ogre magi
  A radroach (shapeshifter) (Vaults:5)
  The ghost of Jejoin the Severer, a journeyman MiFi of Okawaru (Lair:1)
  2 ghost crabs
  33 vault guards
  18 two-headed ogres
  10 centaur warriors
  7 ironbound frosthearts
  A jorogumo (Spider:2)
  5 radroaches
  10 boulder beetles
  12 dancing weapons
  A two-headed ogre (shapeshifter) (Depths:2)
  A deep troll shaman (Depths:4)
  6 alligators
  A death yak (Lair:4)
  3 thrashing horrors (Lair:5)
  7 tengu warriors
  4 deep troll earth magi
  8 spriggan berserkers
  2 vampire magi
  2 orc high priests
  27 sun demons
  10 deep elf knights
  9 hell knights
  A skyshark (Lair:5)
  5 soul eaters
  A fire crab (Swamp:4)
  A spectral catoblepas (Lair:3)
  6 pharaoh ants
  4 goliath frogs
  A wretched star (Abyss:4)
  2 skeletal warriors (D:15)
  2 iron trolls (Depths:4)
  14 swamp dragons
  5 sixfirhies
  4 spriggan druids
  35 deep trolls
  4 quicksilver dragon simulacra
  7 orb spiders
  10 cherubim (Pan)
  An anaconda zombie (Hell)
  20 ironbound convokers
  2 flayed ghosts
  A death drake (Abyss:4)
  2 orb spiders (shapeshifter)
  5 wizards
  5 glowing orange brains
  3 bog bodies
  15 deep elf archers
  6 lindwurms
  4 phantasmal warriors
  4 harpies
  2 necromancers
  6 large abominations
  9 orc knights
  5 spriggan simulacra
  An orange crystal statue (Depths:1)
  4 steelbarb worms
  21 deep elf zephyrmancers
  33 deep elf pyromancers
  An iron dragon zombie (D:15)
  51 ugly things
  3 manticores
  A tengu skeleton (D:15)
  4 shining eyes
  A mana viper (shapeshifter) (Vaults:5)
  A will-o-the-wisp (Swamp:1)
  23 wolf spiders
  A salamander (Depths:1)
  14 cyclopes
  24 moths of wrath
  A moth of wrath (shapeshifter) (Depths:3)
  9 rust devils
  12 elephants
  A stone giant skeleton (D:15)
  14 smoke demons
  13 demonic crawlers
  A water nymph (Spider:4)
  2 black mambas
  3 molten gargoyles (Hell)
  5 torpor snails
  Joseph (D:8)
  A titan simulacrum (Coc:7)
  2 ice statues
  A storm dragon simulacrum (Coc:2)
  8 cane toads
  12 vault sentinels
  8 orange demons
  An unseen horror (D:10)
  2 hellions
  A rime drake (D:9)
  3 freezing wraiths
  A kobold demonologist (Bailey)
  4 tormentors
  2 bunyip simulacra
  17 tengu conjurers
  3 efreet
  2 anaconda simulacra
  2 sea snake zombies (Hell)
  31 yaktaurs
  A guardian mummy (Zot:4)
  An ice devil (Depths:4)
  7 komodo dragons
  A queen bee (D:14)
  An iron giant simulacrum (Coc:4)
  4 catoblepas skeletons (Abyss:4)
  3 hellwings (D:8)
  A merfolk (Spider:4)
  2 red devils (Depths:4)
  7 trolls
  2 polar bears
  2 ancient zymes
  2 hydra zombies (Hell)
  3 meliai (D:14)
  A queen bee (shapeshifter) (Depths:1)
  A sea snake skeleton (Hell)
  4 tyrant leeches
  A hydra skeleton (Hell)
  A hornet (shapeshifter) (Vaults:5)
  15 hornets
  22 blink frogs
  22 tarantellas
  An alligator zombie (Hell)
  An iron dragon simulacrum (Coc:7)
  A raiju (shapeshifter) (Vaults:5)
  A raiju (Lair:1)
  2 spectral elephants (Lair:3)
  A spectral dream sheep (Lair:3)
  A spriggan skeleton (D:15)
  A centaur simulacrum (Coc:1)
  A flying skull (Vaults:2)
  75 slime creatures
  5 stone giant simulacra
  32 jumping spiders
  3 shadows (D:11)
  10 spriggans
  58 yaks
  A vampire (D:11)
  8 ynoxinuls
  An alligator skeleton (Hell)
  30 culicivoras
  2 wyverns
  4 water elementals
  A spectral komodo dragon (Lair:3)
  3 alligator snapping turtle simulacra
  7 dire elephant simulacra
  2 wraiths
  3 golden eyes (Slime:1)
  2 neqoxecs
  2 humans (shapeshifter)
  5 chaos spawn
  6 fire elementals
  A redback (shapeshifter) (Vaults:5)
  6 basilisks
  2 wargs
  62 redbacks
  11 vampire mosquitoes
  4 steam dragons
  3 spectral cane toads (Lair:3)
  A swamp worm (shapeshifter) (Vaults:3)
  13 water moccasins
  3 acid dragons (D:13)
  6 harpy simulacra
  11 swamp worms
  2 floating eyes (Slime:5)
  4 hydra simulacra
  2 ice beasts (D:9)
  10 small abominations
  16 hell hounds
  A black bear (D:7)
  15 swamp drakes
  A spectral blink frog (Lair:3)
  31 orc warriors
  2 sky beasts (D:7)
  3 ettin simulacra (Coc:7)
  7 ogres
  18 wolves
  8 centaurs
  A boggart (D:7)
  A black mamba simulacrum (Coc:1)
  Blork the orc (D:5)
  A kobold brigand (D:5)
  4 scorpions
  9 bullfrogs
  2 necrophages (Swamp:3)
  9 earth elementals
  11 wights
  27 killer bees
  7 howler monkeys
  6 electric eels
  3 jellies
  22 orc priests
  A hound (D:7)
  Jessica (D:3)
  2 iguanas
  26 orc wizards
  4 gnolls
  7 adders
  5 worms
  90 orcs
  4 ball pythons
  6 endoplasms
  3 giant cockroaches
  14 goblins
  13 hobgoblins
  5 jackals
  6 quokkas
  2 bats
  2 frilled lizards (D:1)
  5 kobolds
  4 rats
2409 creatures vanquished.

Vanquished Creatures (collateral kills)
  Antaeus (Coc:7)
1 creature vanquished.

Vanquished Creatures (others)
  A tentacled monstrosity (Vaults:5)
  A deep elf elementalist (Elf:3)
  An elemental wellspring (Coc:7)
  A purple draconian (Zot:5)
  An ice dragon (Depths:3)
  A deep elf knight (Elf:1)
  2 spriggan simulacra
  A swamp dragon (Swamp:4)
  3 deep elf zephyrmancers
  A deep elf pyromancer (Elf:1)
  A tengu conjurer (Depths:4)
  An anaconda simulacrum (Coc:7)
  2 bloated husks (Swamp:1)
  A hornet (Swamp:2)
  A centaur simulacrum (Coc:2)
  A spriggan (Swamp:2)
  A ynoxinul (Pan)
  A redback (Spider:4)
  A harpy simulacrum (Coc:5)
  3 swamp drakes
  An ogre (Vaults:5)
  A wolf (D:9)
  An earth elemental (Abyss:4)
  A howler monkey (D:9)
  An orc priest (Orc:2)
  A lurking horror (Abyss:3)
32 creatures vanquished.

Grand Total: 2442 creatures vanquished

Notes
Turn   | Place    | Note
-------+----------+-------------------------------------------
     0 | D:1      | Nonny the Merfolk Gladiator began the quest for the Orb.
     0 | D:1      | Reached XP level 1. HP: 16/16 MP: 1/1
    66 | D:1      | rCorr ring north of start
   120 | D:1      | Starting vault: chain of fountains.
   233 | D:1      | Reached XP level 2. HP: 22/22 MP: 2/2
   503 | D:1      | Reached skill level 1 in Stealth
   844 | D:2      | smoky yellow potion - curing
   844 | D:2      | ETUSOIH KIVI - identify
   926 | D:2      | Lava sign vault
   948 | D:2      | Reached XP level 3. HP: 26/27 MP: 3/3
   967 | D:1      | D:2 uphatch is pretty good for orbrun; use high level
                  | Passwall or digging wand.
  1082 | D:2      | Reached XP level 4. HP: 32/33 MP: 4/4
  1098 | D:2      | Reached skill level 5 in Long Blades
  1139 | D:2      | scarf of resistance in western hallway
  1328 | D:3      | ANOWKE OROING - teleportation
  1352 | D:3      | ELAEDO AFEJI - blinking
  1356 | D:3      | VUME FEXKUUTUG - enchant armour
  1522 | D:3      | Noticed Jessica
  1524 | D:3      | Killed Jessica
  1837 | D:3      | metallic emerald potion - magic
  1838 | D:3      | fizzy red potion - cancellation
  1845 | D:3      | Found a broken altar of Ashenzari.
  2027 | D:3      | Reached XP level 5. HP: 38/38 MP: 5/5
  2118 | D:4      | MUYTUUGRYXU - poison
  2119 | D:4      | DOPSOG OQUD - vulnerability
  2161 | D:4      | Found a shadowy altar of Dithmenos.
  2174 | D:4      | +6 dex ring
  2184 | D:4      | Became a worshipper of Dithmenos the Shadowed
  2193 | D:4      | Found a staircase to the Ecumenical Temple.
  2200 | Temple   | Entered the Ecumenical Temple
  2263 | Temple   | Temple: THE EEL POOL
  2308 | D:4      | purple potion - haste
  2539 | D:4      | Found a shimmering altar of Xom.
  2608 | D:4      | Found a white marble altar of Elyvilon.
  2610 | D:4      | orc priest in the west
  2787 | D:4      | +1 pair of boots by Ely altar
  2812 | D:4      | bubbling white potion - brilliance
  3002 | D:4      | Dithmenos vault in east with Temple entrance south of it.
  3081 | D:5      | Entered Level 5 of the Dungeon
  3083 | D:5      | ICORPH MY FOM - amnesia
  3186 | D:4      | Reached skill level 5 in Dodging
  3186 | D:4      | Reached XP level 6. HP: 31/44 MP: 6/6
  3218 | D:5      | red potion - heal wounds
  3282 | D:5      | Found a blossoming altar of Fedhas.
  3288 | D:5      | Found a transporter.
  3295 | D:5      | Found a transporter.
  3483 | D:5      | Noticed a water moccasin
  3495 | D:5      | Killed a water moccasin
  3496 | D:5      | Reached XP level 7. HP: 16/51 MP: 7/7
  3541 | D:5      | Water moccasin spawns in northeast btw.
  3543 | D:4      | D:5 uphatch might be okay.
  3690 | D:5      | ruby potion - might
  3759 | D:5      | Noticed Blork the orc
  3775 | D:5      | Killed Blork the orc
  3781 | D:5      | +1 robe of willpower on Blork
  3854 | D:5      | +5 ring of evasion in northeastern room
  4022 | D:6      | ERACUB ZEWOLEH - fog
  4023 | D:6      | WOAPPU GURU - fear
  4024 | D:6      | XIANENOCVY - brand weapon
  4025 | D:6      | UGINLUYTAPP - magic mapping
  4082 | D:6      | lumpy coppery potion - mutation
  4308 | D:6      | Reached * piety under Dithmenos
  4325 | D:6      | Found Haufammu's Distillery.
  4335 | D:6      | Bought a potion of degeneration for 13 gold pieces
  4339 | D:6      | Bought a potion of curing for 39 gold pieces
  4445 | D:6      | smoky sapphire potion - lignification
  4507 | D:6      | Reached XP level 8. HP: 58/58 MP: 8/8
  4538 | D:6      | Checkerboard vault in west; only thing of note is 6
                  | javelins at its southern edge.
  4991 | D:7      | Reached skill level 1 in Armour
  5002 | D:7      | Reached skill level 10 in Long Blades
  5141 | D:7      | fuming clear potion - resistance
  5231 | D:7      | Reached XP level 9. HP: 66/66 MP: 9/9
  5334 | D:7      | amulet of magic regen in southeastern chamber
  5411 | D:7      | Got the Compendium of Degeneration
  5768 | D:8      | ZINIYNOGHO - enchant weapon
  5787 | D:7      | D:8 uphatch is a bit useful
  5820 | D:8      | Reached ** piety under Dithmenos
  6067 | D:8      | Noticed a centaur warrior
  6082 | D:8      | Killed a centaur warrior
  6083 | D:8      | Reached skill level 5 in Fighting
  6083 | D:8      | Reached skill level 1 in Evocations
  6226 | D:8      | Found a glowing golden altar of the Shining One.
  6243 | D:8      | Noticed Joseph
  6253 | D:8      | Killed Joseph
  6287 | D:8      | staff of poison in southeast
  6375 | D:8      | Reached XP level 10. HP: 70/76 MP: 10/10
  6534 | D:9      | clear potion - berserk rage
  6691 | D:9      | Found a flagged portal.
  6692 | D:9      | Bailey entrance around center of floor. Beware of nearby
                  | wights and killers bees.
  6729 | Bailey   | Entered a bailey
  6874 | Bailey   | 10 pieces of gold in southwest room
  6901 | Bailey   | Noticed a kobold demonologist
  6908 | Bailey   | Killed a kobold demonologist
  6969 | Bailey   | scroll of acquirement behind door of northeastern fortress
                  | corner
  6973 | Bailey   | Acquired the ring of Saralauk {AC+4 Dex+3}
  7011 | Bailey   | Noticed an orc knight
  7032 | Bailey   | Killed an orc knight
  7113 | Bailey   | Reached *** piety under Dithmenos
  7191 | Bailey   | Found an iron altar of Okawaru.
  7191 | Bailey   | Noticed an orc knight
  7191 | Bailey   | Noticed an orc high priest
  7253 | Bailey   | Killed an orc high priest
  7287 | Bailey   | Killed an orc knight
  7387 | Bailey   | Found the +3 crown of Dyrovepreva {rElec Int+2 SInv}
  7392 | Bailey   | +2 rF+ ring mail on gnoll
  7410 | Bailey   | Identified the +7 morningstar "Deretz" {flame, *Corrode
                  | Int+2 Dex+2 SInv}
  7554 | D:9      | Reached XP level 11. HP: 84/85 MP: 11/11
  7561 | D:9      | glowing brown potion - attraction
  7652 | D:9      | Reached skill level 10 in Dodging
  7752 | D:9      | Found a staircase to the Lair.
  7778 | D:9      | Icy lair entrance in the north.
  8115 | D:9      | Found Ahaips's Book Boutique.
  8232 | D:10     | Entered Level 10 of the Dungeon
  8296 | D:10     | Noticed Snorg
  8300 | D:10     | Snorg changed into Snorg the entropy weaver
  8300 | D:10     | Noticed Snorg
  8306 | D:10     | Killed Snorg the entropy weaver
  8315 | D:10     | Found a basalt altar of Yredelemnul.
  8389 | D:10     | Found a stormy altar of Qazlal.
  9040 | D:10     | Strange-shaped vault in southeast.
  9119 | D:11     | Reached skill level 5 in Stealth
  9260 | D:11     | Reached **** piety under Dithmenos
  9546 | D:11     | Found a staircase to the Orcish Mines.
  9608 | D:11     | Orcish Mines entrance in south. Swamp drake and vampire in
                  | area too.
  9748 | D:12     | Noticed a two-headed ogre
  9767 | D:12     | Killed a two-headed ogre
  9859 | D:12     | Noticed a deep elf pyromancer
  9873 | D:12     | Killed a deep elf pyromancer
  9953 | D:12     | Noticed porpoise's ghost (journeyman DsGl)
  9953 | D:12     | Noticed an ettin
  9954 | D:12     | YAK PACK IN SOUTHWEST
  9968 | D:12     | Noticed a moth of wrath
  9973 | D:12     | Reached skill level 5 in Throwing
  9992 | D:12     | Noticed a cyclops
  9997 | D:12     | Noticed an orc knight
  9997 | D:12     | Noticed a two-headed ogre
 10003 | D:12     | Killed a cyclops
 10004 | D:12     | Reached XP level 12. HP: 96/96 MP: 12/12
 10013 | D:12     | Noticed a two-headed ogre
 10268 | D:12     | Noticed a two-headed ogre
 10280 | D:12     | Killed a two-headed ogre
 10567 | D:12     | Found a transporter.
 10568 | D:12     | Found a bloodstained altar of Trog.
 10575 | D:12     | Found a transporter.
 10751 | D:12     | Noticed a two-headed ogre
 10799 | D:12     | Reached skill level 10 in Fighting
 10922 | D:12     | Noticed a two-headed ogre
 10928 | D:12     | Killed a two-headed ogre
 10984 | D:12     | Noticed a boulder beetle
 10987 | D:12     | Killed a boulder beetle
 11083 | D:13     | MEURUI FUUCSEJ - noise
 11105 | D:13     | WADE OVAKH - silence
 11140 | D:13     | Found a radiant altar of Vehumet.
 11154 | D:13     | white ugly thing in southwestern crystal wall chamber; this
                  | is where the Veh altar is
 11160 | D:13     | Noticed a centaur warrior
 11174 | D:13     | Killed a centaur warrior
 11297 | D:13     | Noticed snydleywhiplash's ghost (journeyman MiFi)
 11315 | D:13     | Found a transporter.
 11316 | D:13     | Noticed an ice dragon
 11318 | D:13     | Noticed a catoblepas
 11325 | D:13     | Noticed a centaur warrior
 11347 | D:13     | Killed a centaur warrior
 11360 | D:13     | Found a transporter.
 11467 | D:13     | Noticed a two-headed ogre
 11468 | D:13     | Noticed a centaur warrior
 11469 | D:13     | Found Zaijeos's General Store.
 11480 | D:13     | Killed a two-headed ogre
 11489 | D:13     | Killed a centaur warrior
 11496 | D:13     | Bought a potion of heal wounds for 75 gold pieces
 11496 | D:13     | Bought a potion of curing for 45 gold pieces
 11522 | D:13     | Dancing weapons!
 11591 | D:13     | Found a gate to the Vaults.
 11631 | D:13     | fire dragon scales by Vaults entrance
 12163 | Lair:1   | Entered Level 1 of the Lair of Beasts
 12360 | Lair:1   | Reached XP level 13. HP: 43/106 MP: 13/13
 12593 | Lair:1   | Found a transporter.
 12636 | Lair:1   | Found a transporter.
 12661 | Lair:1   | Reached skill level 5 in Evocations
 12661 | Lair:1   | Found a one-way gate to the infinite horrors of the Abyss.
 12972 | Lair:1   | Noticed Jejoin's ghost (journeyman MiFi)
 13123 | Lair:1   | +2 pair of boots in northwestern chamber
 13420 | D:5      | bubbling green potion - flight
 13458 | D:5      | fuming yellow potion - ambrosia
 13875 | Lair:2   | Found a hole to the Spider Nest.
 13884 | Lair:2   | Reached ***** piety under Dithmenos
 13965 | Lair:2   | Reached skill level 5 in Armour
 14172 | Lair:2   | HEXKUI TAXU - immolation
 14830 | Lair:3   | Reached skill level 1 in Invocations
 14884 | Lair:3   | Found a staircase to the Swamp.
 15107 | Lair:3   | Found a runed translucent gate.
 15107 | Lair:3   | Found a runed translucent gate.
 15107 | Lair:3   | Found a runed translucent gate.
 15523 | Lair:3   | Noticed porpoise's ghost (journeyman MiHu)
 15527 | Lair:3   | Ghost vault contains lots of spectral things and hydra
                  | simulacrum.
 15614 | Lair:4   | Reached XP level 14. HP: 109/118 MP: 16/16
 15853 | Lair:4   | Reached skill level 15 in Dodging
 16698 | Lair:5   | Entered Level 5 of the Lair of Beasts
 16753 | Lair:5   | Reached skill level 10 in Stealth
 17062 | Lair:5   | Reached ****** piety under Dithmenos
 17365 | Lair:5   | Corrupted forest ending. May contain occasional inanimate
                  | spriggan skeleton
 17372 | Lair:5   | +2 rapier of distortion on spriggan.
 17385 | Lair:5   | staff of earth
 17387 | Lair:5   | grey potion - potion of invisibility
 17590 | Lair:5   | Found a corrupted altar of Lugonu.
 17592 | Lair:5   | So many skeletons!
 17747 | Lair:5   | Noticed Rupert
 17765 | Lair:5   | Killed Rupert
 17766 | Lair:5   | Rupert is found in the northeast with a bunch of water
                  | around.
 17896 | Lair:5   | Found a viscous altar of Jiyva.
 17897 | Lair:5   | Found a staircase to the Slime Pits.
 18430 | Lair:5   | box of beasts nearby Lugonu altar
 18715 | D:14     | Reached XP level 15. HP: 119/127 MP: 17/17
 18799 | D:14     | Reached skill level 15 in Fighting
 18808 | D:14     | Reached skill level 1 in Shields
 19030 | D:14     | Reached skill level 2 in Shields
 19096 | D:14     | Efreet with +2 scimitar of flaming in south
 19551 | D:14     | I love the yak corpses. :#
 19579 | D:14     | Found Myvvoteu's Magic Scroll Boutique.
 19588 | D:14     | Bought a scroll of teleportation for 39 gold pieces
 19588 | D:14     | Bought a scroll of fog for 52 gold pieces
 20082 | D:15     | Entered Level 15 of the Dungeon
 20102 | D:15     | Identified the +1 robe "Teuz" {rF+}
 20120 | D:15     | Reached skill level 3 in Shields
 20403 | D:15     | Reached skill level 4 in Shields
 20512 | D:15     | Found a staircase to the Depths.
 20514 | D:15     | SPOOKY-ASS DEPTHS ENTRANCE
 21457 | Orc:1    | Entered Level 1 of the Orcish Mines
 21674 | Orc:1    | Good ole jamboree vault.
 21685 | Orc:1    | Reached skill level 5 in Shields
 21828 | Orc:2    | Entered Level 2 of the Orcish Mines
 21828 | Orc:2    | Found Buhuuma's Antique Weapon Shop.
 22047 | Orc:2    | Noticed Maurice
 22137 | Orc:2    | Maurice changed into Maurice the worm
 22137 | Orc:2    | Noticed Maurice
 22142 | Orc:2    | Killed Maurice the worm
 22145 | Orc:2    | Orcish Mines ending: shops with lots and lots of giants
 22283 | Orc:2    | Found Kimaoler's General Store.
 22482 | Orc:2    | Found Kecyraz's Antique Armour Shop.
 22500 | Orc:2    | Bought the +0 pair of fencer's gloves {Riposte Dex+3} for
                  | 960 gold pieces
 22500 | Orc:2    | Found the +0 pair of fencer's gloves {Riposte Dex+3}
 22550 | Orc:2    | Found Beak's Jewellery Boutique.
 22560 | Orc:2    | Reached XP level 16. HP: 140/140 MP: 18/18
 22716 | Orc:2    | Noticed Azrael
 22733 | Orc:2    | Killed Azrael
 22866 | Orc:2    | Found a staircase to the Elven Halls.
 22930 | Orc:2    | Found Zokesuam's Self-Improvement Boutique.
 22938 | Orc:2    | 1040 gold for Axes, Invo, Air Magic, Short Blades manuals
 23073 | Elf:1    | Entered Level 1 of the Elven Halls
 23073 | Elf:1    | Found a runed translucent gate.
 23073 | Elf:1    | Found a runed translucent gate.
 23073 | Elf:1    | Found a runed translucent gate.
 23073 | Elf:1    | Found a runed translucent gate.
 23073 | Elf:1    | Found a runed translucent gate.
 23073 | Elf:1    | Found a runed translucent gate.
 23074 | Elf:1    | 2 deep elf annihilators right by the entrance!
 23266 | Swamp:1  | Entered Level 1 of the Swamp
 23656 | Swamp:1  | scroll named LAD - torment
 24345 | Swamp:2  | condenser vane in west
 24446 | Swamp:3  | Noticed Nikola
 24448 | Swamp:3  | Killed Nikola
 24965 | Swamp:4  | Entered Level 4 of the Swamp
 25008 | Swamp:4  | Reached skill level 5 in Invocations
 25346 | Swamp:4  | Reached XP level 17. HP: 103/151 MP: 21/21
 25366 | Swamp:4  | Fiery swamp ending!
 25384 | Swamp:4  | Got a decaying rune of Zot
 25546 | Swamp:4  | Found a snail-covered altar of Cheibriados.
 25825 | Swamp:4  | scroll of acquirement north of lava rune vault
 25826 | Swamp:4  | THREE OF THEM
 25826 | Swamp:4  | Acquired 863 gold pieces
 25827 | Swamp:4  | Acquired a manual of Throwing
 25828 | Swamp:4  | Acquired 796 gold pieces
 25894 | Swamp:4  | amulet of guardian spirit
 26111 | Swamp:4  | Trio of swamp drakes in obscured eastern deep water room.
 26359 | Spider:1 | Entered Level 1 of the Spider Nest
 26460 | Spider:1 | Found a runed translucent door.
 26460 | Spider:1 | Noticed iishen's ghost (adept CeHu)
 26463 | Spider:1 | potion of experience in ghost vault
 26595 | Spider:1 | Killed iishen's ghost
 26605 | Spider:1 | Reached XP level 18. HP: 159/159 MP: 22/22
 26990 | Spider:1 | manual of armour in demonic crawlers + snail vault in east
 27660 | Spider:2 | Reached skill level 10 in Throwing
 27779 | Spider:2 | rpois ring
 29353 | Spider:4 | Entered Level 4 of the Spider Nest
 29660 | Spider:4 | Reached XP level 19. HP: 152/167 MP: 20/23
 30252 | Spider:4 | Reached skill level 15 in Stealth
 31005 | Spider:4 | Got a gossamer rune of Zot
 31010 | Spider:4 | two scarves of resistance and orb of wrath among the
                  | ambrosia potions and gossamer rune
 31417 | D:13     | Bought a phial of floods for 600 gold pieces
 31502 | D:13     | Killed snydleywhiplash's ghost
 31514 | D:13     | Identified the +0 helmet "Qufasm" {rF+ rN+ Int-4}
 31652 | D:13     | +1 boots of rampaging
 31825 | D:12     | Killed porpoise's ghost
 31831 | D:12     | Identified the staff of cold "Vinokan" {rPois rC+ MP+9}
 32092 | Lair:1   | Killed Jejoin's ghost
 32272 | Lair:3   | Killed porpoise's ghost
 32504 | Vaults:1 | Entered Level 1 of the Vaults
 32566 | Vaults:1 | Paralysed by a sphinx for 2 turns
 32990 | Abyss:2  | Found a corrupted altar of Lugonu.
 32990 | Abyss:2  | Cast into level 2 of the Abyss (a wizard)
 32996 | Abyss:2  | Found a corrupted altar of Lugonu.
 33005 | Abyss:3  | Found a corrupted altar of Lugonu.
 33009 | Abyss:3  | Identified the +3 leather armour of Limited Liability
                  | {Int+2}
 33019 | Abyss:3  | Found a corrupted altar of Lugonu.
 33038 | Abyss:3  | Found a corrupted altar of Lugonu.
 33267 | Abyss:4  | Noticed a tentacled monstrosity
 33278 | Abyss:4  | Killed a tentacled monstrosity
 33284 | Abyss:4  | Noticed a bone dragon
 33299 | Abyss:4  | Killed a bone dragon
 33404 | Abyss:4  | Reached XP level 20. HP: 116/180 MP: 20/24
 33461 | Abyss:4  | I haven't seen this Abyssal rune vault before. Lots of
                  | "earthy" enemies.
 33463 | Abyss:4  | Got an abyssal rune of Zot
 33494 | Abyss:4  | Convenient exit
 33495 | Vaults:2 | Escaped the Abyss
 34600 | Vaults:2 | You fall into a shaft and drop 1 floor!
 34667 | Vaults:3 | Found Legolood's Distillery.
 34679 | Vaults:3 | Bought a potion of curing for 42 gold pieces
 34679 | Vaults:3 | Bought a potion of curing for 42 gold pieces
 34679 | Vaults:3 | Bought a potion of heal wounds for 70 gold pieces
 34679 | Vaults:3 | Bought 2 potions of heal wounds for 140 gold pieces
 34812 | Vaults:3 | Found Pathyl's Magic Scroll Boutique.
 34820 | Vaults:3 | Bought a scroll of enchant armour for 105 gold pieces
 34820 | Vaults:3 | Bought a scroll of enchant armour for 105 gold pieces
 34824 | Vaults:3 | Bought a scroll of enchant weapon for 105 gold pieces
 35157 | Vaults:3 | Found Kuboh's Antique Weapon Emporium.
 35705 | Vaults:3 | Bought a scroll of fog for 56 gold pieces
 35789 | Vaults:2 | Identified the +10 sling "Moom" {heavy, Int+3}
 35890 | Vaults:2 | Found a staircase to the Crypt.
 36262 | Vaults:1 | Noticed Saint Roka
 36270 | Vaults:1 | Killed Saint Roka
 37191 | Vaults:1 | Reached XP level 21. HP: 190/190 MP: 25/25
 37413 | Vaults:1 | Reached skill level 6 in Shields
 37719 | Vaults:4 | Identified the +11 plate armour "Zaelaseo" {Slay+3}
 37738 | Vaults:4 | Identified the +3 chain mail of Ofetyukk {rC- Regen+ Str-4
                  | Dex+9}
 38046 | Vaults:4 | Found the +4 robe of Augmentation {Str+4 Int+4 Dex+4}
 38713 | Vaults:4 | Paralysed by a great orb of eyes for 2 turns
 39057 | Vaults:4 | Paralysed by a great orb of eyes for 4 turns
 39509 | Vaults:1 | Reached skill level 7 in Shields
 39675 | Elf:1    | Found a runed translucent door.
 39777 | Elf:1    | Found a runed translucent door.
 40142 | Elf:1    | Got the Incunabulum of Attacks
 40812 | Elf:2    | Identified the +4 rapier of the Glowing Stork {flame,
                  | +Blink rPois rF+ Will+}
 40877 | Elf:2    | Found a shimmering blue altar of Sif Muna.
 40930 | Elf:3    | Entered Level 3 of the Elven Halls
 40941 | Elf:3    | Found Hiveunic's Distillery.
 40942 | Elf:3    | Found Kaxeusu's Book Shop.
 40942 | Elf:3    | Found Wueskaaz's Distillery.
 40945 | Elf:3    | Found Ceeghium's Magic Scroll Boutique.
 40947 | Elf:3    | Four shops in northwest quadrant
 40947 | Elf:3    | Bought a potion of experience for 800 gold pieces
 40947 | Elf:3    | Reached skill level 10 in Armour
 40947 | Elf:3    | Reached XP level 22. HP: 200/200 MP: 26/26
 40948 | Elf:3    | Bought a potion of heal wounds for 80 gold pieces
 40948 | Elf:3    | Bought a potion of heal wounds for 80 gold pieces
 40948 | Elf:3    | Bought a potion of heal wounds for 80 gold pieces
 40951 | Elf:3    | Bought a potion of curing for 63 gold pieces
 40951 | Elf:3    | Bought a potion of curing for 63 gold pieces
 40951 | Elf:3    | Bought a potion of curing for 63 gold pieces
 40951 | Elf:3    | Bought 2 potions of curing for 126 gold pieces
 40954 | Elf:3    | Bought 3 scrolls of blinking for 427 gold pieces
 40954 | Elf:3    | Bought a scroll of magic mapping for 142 gold pieces
 41061 | Elf:3    | Reached skill level 8 in Shields
 41132 | Elf:3    | Found a magical portal.
 41133 | Elf:3    | Wizlab entrance in northeast.
 41143 | WizLab   | Entered Iskenderun's Mystic Tower
 41229 | WizLab   | Reached XP level 23. HP: 159/207 MP: 24/27
 42288 | WizLab   | Got Iskenderun's Dissertation on Battle Magic
 42288 | WizLab   | Got Iskenderun's Annotations on Conflict
 42480 | Elf:3    | Wizlab worth it for manual of shields.
 42803 | Elf:3    | Reached skill level 9 in Shields
 42853 | Elf:3    | Identified the amulet "Yvuh Bol" {Reflect Fragile Int+3
                  | Dex+2 SH+5}
 43040 | Elf:3    | Identified the +8 mace "Movvem Zollu" {holy, Contam Fly
                  | rPois Dex+2}
 43046 | Elf:3    | Identified the +6 great sword of the Sky {drain, rC+}
 43098 | Elf:3    | Reached skill level 10 in Shields
 43176 | Elf:3    | Identified the +0 ring mail of Peek-a-Boo {Dex+3 Slay+2}
 43182 | Elf:3    | Found the +3 hat of Pondering {ponderous, Will+ MP+10
                  | Int+5}
 43197 | Elf:3    | Identified the staff of poison "Tirah" {rPois SInv}
 43205 | Elf:3    | Identified the staff of air "Kodghimn" {rElec Will- MP+9
                  | Int+6}
 43209 | Elf:3    | Got the Monograph on Translocated Toxicants
 43524 | Elf:3    | Bought a scroll of enchant weapon for 142 gold pieces
 43528 | Elf:3    | Bought a potion of haste for 210 gold pieces
 43528 | Elf:3    | Bought a potion of haste for 210 gold pieces
 43640 | Elf:2    | Found a runed translucent gate.
 43640 | Elf:2    | Found a runed translucent gate.
 43646 | Elf:2    | Found a runed translucent gate.
 43712 | Elf:2    | Reached skill level 10 in Evocations
 43993 | Depths:1 | Entered Level 1 of the Depths
 44062 | Depths:1 | Reached skill level 11 in Shields
 44647 | Depths:1 | Reached skill level 12 in Shields
 45029 | Depths:1 | Found a hide-covered altar of Uskayaw.
 45120 | Depths:1 | Found a gateway to Hell.
 45484 | Depths:2 | Noticed a caustic shrike
 45507 | Depths:2 | Killed a caustic shrike
 45508 | Depths:2 | Reached skill level 13 in Shields
 45664 | Depths:2 | Identified the +0 scale mail of Uwkin {Rampage rC- Regen+
                  | Dex+3}
 45665 | Depths:2 | Identified the +0 scale mail of Ru's Righteous Fury {Regen+
                  | Int+3 Dex+4 Stlth-}
 45726 | Depths:2 | Noticed Grunn
 45800 | Depths:1 | Reached XP level 24. HP: 129/216 MP: 27/27
 46116 | Depths:2 | Reached skill level 14 in Shields
 46129 | Depths:2 | Killed Grunn
 46147 | Depths:2 | Noticed a caustic shrike
 46160 | Depths:2 | Killed a caustic shrike
 46605 | Depths:2 | Found a glowing silver altar of Zin.
 46817 | Depths:2 | Noticed Vv
 46971 | Depths:2 | Found a one-way gateway to a ziggurat.
 47070 | Depths:2 | Killed Vv
 47254 | Depths:2 | Found a one-way gate leading to the halls of Pandemonium.
 47405 | Depths:2 | These dwarves dug too deep!
 47574 | Depths:3 | Reached skill level 15 in Shields
 48254 | Depths:3 | Reached skill level 16 in Shields
 48772 | Depths:3 | Got the Encyclopedia of Serendipity
 49380 | Depths:3 | Found a sacrificial altar of Ru.
 49402 | Depths:3 | Gained mutation: You are vulnerable to heat. (rF-)
                  | [mutagenic glow]
 49405 | Depths:3 | Lost mutation: You are vulnerable to heat. (rF-) [potion of
                  | mutation]
 49405 | Depths:3 | Gained mutation: You are partially covered in iridescent
                  | scales. (AC +2) [potion of mutation]
 49405 | Depths:3 | Gained mutation: You have a beak for a mouth. [potion of
                  | mutation]
 49695 | Depths:4 | Entered Level 4 of the Depths
 49802 | Depths:4 | Found a shimmering blue altar of Sif Muna.
 50162 | Depths:4 | Reached XP level 25. HP: 61/228 MP: 27/27
 50446 | Depths:4 | Reached skill level 17 in Shields
 50459 | Depths:4 | Found a gate to the Realm of Zot.
 50474 | Depths:4 | Reached skill level 15 in Long Blades
 50942 | Vaults:5 | Entered Level 5 of the Vaults
 51653 | Vaults:5 | Found Orul Yje's Weapon Shoppe.
 51678 | Vaults:5 | Identified the +6 long sword of the Unliving {heavy, rPois
                  | rN+}
 51811 | Vaults:5 | Noticed an ancient lich
 51831 | Vaults:5 | Killed an ancient lich
 52261 | Vaults:5 | Identified the staff of conjuration "Detrag" {Contam Str+3
                  | Dex+4}
 52270 | Vaults:5 | Identified the ring "Lobeul" {rC+ EV+5 Int-2 SInv Stlth+}
 52598 | Vaults:5 | Noticed a dread lich
 52618 | Vaults:5 | Killed a dread lich
 52628 | Vaults:5 | Reached skill level 18 in Shields
 52864 | Vaults:5 | Reached XP level 26. HP: 235/235 MP: 27/27
 52902 | Vaults:5 | Found Liamyvig's Antique Armour Shoppe.
 52909 | Vaults:5 | Bought a shimmering cloak for 199 gold pieces
 52909 | Vaults:5 | Identified the -1 cloak of Tender Moments {Contam rPois
                  | Regen+ Stlth+} (You bought it in a shop on level 5 of the
                  | Vaults)
 53314 | Vaults:5 | rune in northwest quadrant
 53314 | Vaults:5 | Identified the +1 broad axe of the Mashing Blowfly {speed,
                  | rElec Str+2}
 53321 | Vaults:5 | Got a silver rune of Zot
 54035 | Orc:2    | Bought a ring of positive energy for 300 gold pieces
 54039 | Orc:2    | Bought a ring of magical power for 300 gold pieces
 54263 | Hell     | Entered the Vestibule of Hell
 54263 | Hell     | Noticed Geryon
 54398 | Hell     | Killed Geryon
 54465 | Hell     | Gained mutation: You occasionally lose the ability to read
                  | scrolls when taking damage. [a cacodemon]
 54472 | Hell     | Gained mutation: You are dopey. (Int -2) [a cacodemon]
 54473 | Hell     | Gained mutation: Your body sometimes deteriorates upon
                  | taking damage. [a cacodemon]
 54475 | Hell     | Lost mutation: Your body sometimes deteriorates upon taking
                  | damage. [potion of mutation]
 54475 | Hell     | Lost mutation: You occasionally lose the ability to read
                  | scrolls when taking damage. [potion of mutation]
 54475 | Hell     | Lost mutation: You are dopey. (Int -2) [potion of mutation]
 54475 | Hell     | Gained mutation: You are agile. (Dex +4, Str/Int -1)
                  | [potion of mutation]
 54475 | Hell     | Gained mutation: You sometimes lose your temper in combat.
                  | [potion of mutation]
 54475 | Hell     | Gained mutation: Your muscles are strong. (Str +4, Int/Dex
                  | -1) [potion of mutation]
 54476 | Hell     | Lost mutation: You are agile. (Dex +4, Str/Int -1) [potion
                  | of mutation]
 54476 | Hell     | Lost mutation: You sometimes lose your temper in combat.
                  | [potion of mutation]
 54476 | Hell     | Lost mutation: Your muscles are strong. (Str +4, Int/Dex
                  | -1) [potion of mutation]
 54476 | Hell     | Gained mutation: Your flesh is cold resistant. (rC+)
                  | [potion of mutation]
 54476 | Hell     | Gained mutation: Your flesh is heat resistant. (rF+)
                  | [potion of mutation]
 54476 | Hell     | Gained mutation: Your flesh is very heat resistant. (rF++)
                  | [potion of mutation]
 54566 | Hell     | Found a gateway to the Iron City of Dis.
 54675 | Hell     | Found a gateway to the freezing wastes of Cocytus.
 54817 | Hell     | Found a gateway to the ashen valley of Gehenna.
 55662 | Slime:1  | Entered Level 1 of the Pits of Slime
 55818 | Slime:1  | Reached skill level 19 in Shields
 56384 | Slime:3  | Gained mutation: Your magical capacity is low. (-10% MP) [a
                  | shining eye]
 56579 | Slime:4  | Gained mutation: You have hidden genetic defects. [a
                  | shining eye]
 56581 | Slime:4  | Gained mutation: You occasionally shout uncontrollably at
                  | your foes. [a shining eye]
 56598 | Slime:4  | Lost mutation: You have hidden genetic defects. [potion of
                  | mutation]
 56598 | Slime:4  | Lost mutation: You have a beak for a mouth. [potion of
                  | mutation]
 56598 | Slime:4  | Gained mutation: You are agile. (Dex +4, Str/Int -1)
                  | [potion of mutation]
 56599 | Slime:4  | Lost mutation: You occasionally shout uncontrollably at
                  | your foes. [potion of mutation]
 56599 | Slime:4  | Lost mutation: Your flesh is very heat resistant. (rF++)
                  | [potion of mutation]
 56599 | Slime:4  | Gained mutation: Your muscles are strong. (Str +4, Int/Dex
                  | -1) [potion of mutation]
 56797 | Slime:5  | Entered Level 5 of the Pits of Slime
 56915 | Slime:5  | Noticed the Royal Jelly
 56921 | Slime:5  | Found a viscous altar of Jiyva.
 56932 | Slime:5  | Killed the Royal Jelly
 56943 | Slime:5  | Paralysed by a floating eye for 2 turns
 57021 | Slime:5  | Identified the staff of poison "Awawis" {rPois rN+}
 57115 | Slime:5  | Identified the +9 hand crossbow of Plog {flame, Fragile rF+
                  | Dex+2}
 57136 | Slime:5  | Identified the +7 rapier "Hell-Harrower" {elec, rElec}
 57178 | Slime:5  | Got a slimy rune of Zot
 57485 | D:6      | Bought 2 potions of mutation for 208 gold pieces
 57485 | D:6      | Bought a potion of mutation for 104 gold pieces
 57485 | D:6      | Bought a potion of mutation for 104 gold pieces
 57485 | D:6      | Bought a potion of might for 52 gold pieces
 57485 | D:6      | Bought a potion of cancellation for 104 gold pieces
 57795 | Vaults:3 | Bought a potion of mutation for 112 gold pieces
 58063 | Zot:1    | Entered Level 1 of the Realm of Zot
 58064 | Zot:1    | Oh, this is wonderful.
 58064 | Zot:1    | slimy - gossamer - abyssal
 58373 | Zot:1    | Noticed an orb of fire
 58378 | Zot:1    | Killed an orb of fire
 58379 | Zot:1    | Reached skill level 20 in Shields
 58553 | Zot:1    | Found Foergh's Changing Room.
 58568 | Zot:1    | Bought a potion of mutation for 160 gold pieces
 58679 | Zot:1    | You fall into a shaft and drop 1 floor!
 58714 | Zot:2    | Noticed an orb of fire
 58814 | Zot:2    | Reached XP level 27. HP: 242/242 MP: 24/24
 59606 | Zot:2    | Killed an orb of fire
 60165 | Zot:3    | Reached skill level 21 in Shields
 60529 | Zot:4    | Noticed an orb of fire
 61060 | Zot:4    | Identified the ring "Deehaemm" {Ice Str+3}
 61289 | Coc:1    | Entered Level 1 of Cocytus
 61309 | Coc:1    | Stairs just a few steps away from entrance!
 61561 | Coc:1    | Easy floor.
 61748 | Coc:2    | Stairs also close here, but lots of enemies and alarm
                  | traps!
 61788 | Coc:2    | Paralysed by a wendigo for 1 turns
 62040 | Coc:3    | Elemental wellspring and shard shrikes spawn next to
                  | entrance here.
 62049 | Coc:3    | Reached skill level 22 in Shields
 62089 | Coc:3    | Entrance in southwest.
 62207 | Coc:4    | Downstairs in east. Floor seems scary, with at least one
                  | ice fiend and wendigo.
 62208 | Coc:5    | Noticed a dread lich
 62209 | Coc:5    | Crazy jamboree over here!
 62400 | Coc:5    | Paralysed by a wendigo for 1 turns
 62803 | Coc:5    | Paralysed by a wendigo for 1 turns
 62805 | Coc:5    | Paralysed by a wendigo for 1 turns
 62837 | Coc:5    | Killed a dread lich
 62852 | Coc:5    | Fortunately, stairs are just right there, but I decided to
                  | fight it out after blinking away
 62906 | Coc:6    | This floor also has a nasty jamboree by its entrance. Be
                  | prepared to teleport.
 63137 | Coc:6    | Stairs in center of floor (i.e. northeast of entrance)
 63138 | Coc:7    | Entered Level 7 of Cocytus
 63154 | Coc:7    | Paralysed by a wendigo for 1 turns
 63167 | Coc:7    | Wendigos, shard shrikes, and wellsprings spawn around
                  | entrance.
 63264 | Coc:7    | Paralysed by a wendigo for 1 turns
 63710 | Coc:7    | Reached skill level 23 in Shields
 63765 | Coc:7    | Reached skill level 15 in Evocations
 64520 | Coc:7    | Noticed Antaeus
 66210 | Coc:7    | Killed Antaeus
 66211 | Coc:7    | Reached skill level 24 in Shields
 66268 | Coc:7    | Got an icy rune of Zot
 66276 | Coc:7    | Identified the +2 chain mail of Pamim {rN+ SInv}
 66567 | Pan      | Entered Pandemonium
 66567 | Pan      | Found an exit through the horrors of the Abyss.
 66753 | Pan      | Entered the realm of Cerebov.
 67193 | Pan      | Identified the ring "Esuy" {Int+2 Dex+3 SInv Stlth+}
 67203 | Pan      | Got the Notes on Baleful Configuration
 67248 | Pan      | Identified the +0 broad axe of Judick {freeze, rElec Str+4}
 67360 | Pan      | Identified the staff of cold "Gicrity" {*Corrode +Blink rF+
                  | rC+ Str+6}
 67361 | Pan      | Identified the staff of fire "Piuwoa" {rElec rF+ Str-5
                  | Dex+3}
 67528 | Pan      | Identified the ring "Qafiz" {rElec rF+}
 67555 | Pan      | Found the +6 sword of Cerebov {flame}
 67555 | Pan      | Noticed Cerebov
 67600 | Pan      | Killed Cerebov
 67680 | Pan      | Reached skill level 25 in Shields
 67692 | Pan      | Got a fiery rune of Zot
 68875 | Pan      | Reached skill level 26 in Shields
 69055 | Pan      | Noticed a seraph
 69085 | Pan      | Killed a seraph
 69105 | Pan      | Found a glowing golden altar of the Shining One.
 69116 | Pan      | Got a demonic rune of Zot
 69119 | Pan      | Got the Incunabulum of Nephomancy
 69123 | Pan      | Identified the staff of conjuration "Plog" {+Blink rC+
                  | Str+2 Stlth+}
 69183 | Depths:2 | Escaped Pandemonium
 70020 | Zot:4    | Noticed an ancient lich
 70029 | Zot:3    | Killed an ancient lich
 70290 | Zot:5    | Entered Level 5 of the Realm of Zot
 70292 | Zot:5    | Found the +3 pair of gauntlets of War {Slay+5}
 70607 | Zot:5    | Reached skill level 27 in Shields
 71005 | Zot:5    | Noticed an orb of fire
 71016 | Zot:5    | Noticed an orb of fire
 71023 | Zot:5    | Gained mutation: Your magical capacity is very low. (-20%
                  | MP) [an orb of fire]
 71029 | Zot:5    | Killed an orb of fire
 71042 | Zot:5    | Gained mutation: You have hidden genetic defects. [an orb
                  | of fire]
 71043 | Zot:5    | Killed an orb of fire
 71050 | Zot:5    | Lost mutation: Your flesh is cold resistant. (rC+) [potion
                  | of mutation]
 71050 | Zot:5    | Lost mutation: You are agile. (Dex +4, Str/Int -1) [potion
                  | of mutation]
 71050 | Zot:5    | Gained mutation: You are agile. (Dex +4, Str/Int -1)
                  | [potion of mutation]
 71050 | Zot:5    | Gained mutation: Your mind is acute. (Int +4, Str/Dex -1)
                  | [potion of mutation]
 71051 | Zot:5    | Lost mutation: You have hidden genetic defects. [potion of
                  | mutation]
 71051 | Zot:5    | Lost mutation: You are agile. (Dex +4, Str/Int -1) [potion
                  | of mutation]
 71051 | Zot:5    | Lost mutation: Your magical capacity is very low. (-20% MP)
                  | [potion of mutation]
 71051 | Zot:5    | Lost mutation: Your magical capacity is low. (-10% MP)
                  | [potion of mutation]
 71051 | Zot:5    | Gained mutation: Your body sometimes deteriorates upon
                  | taking damage. [potion of mutation]
 71130 | Zot:5    | Noticed an ancient lich
 71152 | Zot:5    | Noticed a dread lich
 71156 | Zot:5    | Killed an ancient lich
 71158 | Zot:5    | Noticed a dread lich
 71168 | Zot:5    | Paralysed by a dread lich for 5 turns
 71174 | Zot:5    | Killed a dread lich
 71177 | Zot:5    | Killed a dread lich
 71183 | Zot:5    | Noticed an ancient lich
 71186 | Zot:5    | Noticed a dread lich
 71197 | Zot:5    | Paralysed by a dread lich for 2 turns
 71200 | Zot:5    | Killed a dread lich
 71210 | Zot:5    | Killed an ancient lich
 71282 | Zot:5    | Noticed a dread lich
 71296 | Zot:5    | Noticed an ancient lich
 71308 | Zot:5    | Killed an ancient lich
 72036 | Zot:5    | Noticed a dread lich
 72041 | Zot:5    | Paralysed by a dread lich for 4 turns
 72042 | Zot:5    | Reached skill level 15 in Armour
 72053 | Zot:5    | Killed a dread lich
 72060 | Zot:5    | Got the Orb of Zot
 72123 | Zot:5    | Noticed Galalibb the pandemonium lord
 72168 | Zot:4    | Noticed Butobleo the pandemonium lord
 72677 | D:$      | Escaped with the Orb!

Illustrated notes #...... ## ###......#.# #.. ....... ... #.# #..... ..# #.# #.#.. ... # #.# #.#.# #.# .# # #.#####)#.######.##.#.#. ........................ .......)........@.[..... #.#####.#.######.##.#... #.# #................. #.#################+##.# #....# ..##.# #.##.# #.##.# #.##.# Turn 66 on D:1: rCorr ring north of start ##.#.⌠.....⌠.....⌠.# .# ##.#...###...###...# # ##.##.## ##### ##### ##.#...###...###...# .#.#.⌠.....⌠.....⌠.# ##.#...###...###...# #.##### ##### ##.## ##.#...###...###...# #..#.⌠.....<....@⌠.# #.##...###...###...# #.###'## ##### ##### #.....# #.##### #.# #.# #.# #.# Turn 120 on D:1: Starting vault: chain of fountains. #. #≈. #.r #≈. ..##≈. #r#.. # #... §≈≈#... §≈≈....##### ≈......@...# ...........# #..........# #?.........# #..........# #..........# ..........<. ............. Turn 844 on D:2: smoky yellow potion - curing ####### ####.....#### ###...........## ##...§#.#≈...#..# ##..≈≈≈#.#§§≈..#.# #..≈≈≈≈#.#§§≈≈)..###### #.≈≈§§≈#.#§≈≈§≈.......# ..≈§§≈≈#.#≈≈§≈§.@####.# .§≈#####.#####§≈.# .§≈#.........#≈≈.# .§≈##.#####.###§.# §§§##.#≈≈≈#...#≈.# §≈##.##≈≈≈#..##≈.# §.#.##≈≈≈≈#.#.#..# ...##≈≈≈≈≈####†..# ...#≈§≈≈§§§§≈#...# Turn 926 on D:2: Lava sign vault ..#.....# ##...[# # ###.##### ###..## # # #.# ##..# # # #.# ##.# # # #.# ######## #.# # ###.# #......# #.# # ....####### #......# #.# # #####.....# #......# #.# # )...'.....# #.@....# #.# # ...##.....# ##...########.##### ...##.....######...'............. ...##..............########.##### ...'....#..........'............. ...######..........########.##### ..............................### .########.......########........# .# #.......# #.#.##.#.# Turn 967 on D:1: D:2 uphatch is pretty good for orbrun; use high level Passwall or digging wand. ##.# ##....$..# #.# ####..... #.# #...## #.# ##..# # #.# ######..##. #.# ##...##..... #.# ##.....##..# #.###>.........# #@.##.......##.# ##.##.......##.### #..##..†......... ##.#........#.### #........[.#... ##.†.......#.#.. #.#.....#.#.##. #..#...##.#.##. ##..#####.#.### Turn 1139 on D:2: scarf of resistance in western hallway .##... ..#.### ....... ....### ##########....... ................. #####...####.... #.#.# . #@#... ###..... #...#.# #.#.# # #...# ...# Turn 1328 on D:3: ANOWKE OROING - teleportation ## .. .. ... .##... ..#.### ....... ....### ############....... .......@........... ########...####.... #.#.# . #§#... ###..... #...#.# #.#.# # #...# ...# Turn 1352 on D:3: ELAEDO AFEJI - blinking .##... ..#.### ....... ....### ############....... ................... ########...####.... #.#.# . #@#... ###..... #...#.# #.#.# # #...# ...# Turn 1356 on D:3: VUME FEXKUUTUG - enchant armour #.# #.##..#......# #.####.##..######.# #....#.##......# ... ####.#.###...#.# ##... #..#.#.# ###.#.# ..... ...#.#.# #...# #### ##.#.#.# ###.### ... ...#...# #...##..... ######## ###@....... ##.#....# .....## #...## .[## .## . # Turn 1837 on D:3: metallic emerald potion - magic #.# #.##..#......# #.####.##..######.# #....#.##......# ... ####.#.###...#.# ##... #..#.#.# ###.#.# ..... ...#.#.# #...# #### ##.#.#.# ###.### ... ...#...# #...##..... ######## ###@....... ##.#...b# .....## #...## .[## .## . # Turn 1838 on D:3: fizzy red potion - cancellation ### #@# #§§§§§# #§§#### #§ §§ §# Turn 2118 on D:4: MUYTUUGRYXU - poison ### #@# #§§§§§# #§§#### #§ §§ §# Turn 2119 on D:4: DOPSOG OQUD - vulnerability #.............. #...##......... #..####..._...# #...##......... ####.............. #....##..##.....## #########.#####.## ..#..# ..#......# #.##..###..# #.#.####.# #.@...# ... ##.#.# #... #####..# #. .....# ##### ... #.#### # #.# #.# #.# #.# ..# Turn 2174 on D:4: +6 dex ring ##≈≈≈≈≈≈≈≈≈≈≈###...........# ≈≈≈≈≈≈≈≈≈≈≈≈≈≈≈##...._.....## ≈≈≈≈≈≈≈≈≈≈≈≈≈≈≈≈##..........# ≈≈≈≈≈≈≈≈≈≈≈≈≈≈≈≈≈#..........# ≈≈≈≈≈≈≈≈≈≈≈≈≈≈≈≈≈#....._..<.# ≈≈≈≈≈≈≈≈≈≈≈≈≈≈S≈≈#..........# ≈≈≈≈≈≈≈≈≈≈≈≈≈≈SS##..........# ≈≈≈≈≈≈≈≈≈≈≈≈≈SS##...._.....## ##≈≈≈≈≈≈≈≈≈≈S###@..........# .####≈≈≈≈≈####............## ....#######......_.......## ........................## ._..........._........### ......._............### .................#### ##...........##### ############# Turn 2263 on Temple: Temple: THE EEL POOL ####................ #....##..##.....##.. #### #########.#####.###..#..## . ... ..#......# #.##..###..## ... #.#.####.# #.....## ..... #.##.#.# #... .#####..#..#... #......# #####.# ##.[....... ###.#### #...# #.....#.##. #.# #@# #.###..... #.# #.# #.....#.## #.# #.# #.......# ###.# #.# #.P>).### #...# #.#### #.PP...# #.#### #....# #....P.# #....# ####.# ###..#.# #..#.### #.# #....# #..>.#<# #.# #.#### Turn 2308 on D:4: purple potion - haste #.########...####.. #.#.............#.# #.#...####.####.#.. ##.#........# #.# #.......######## #.# #.##...>.........#.# ####.. #.......♣♣ #.... #....###.####..♣ ♣..#.# #......@....?..♣.....#.# #..####.####..#♣._.. #.# #.. ... .♣.... ..# .ooo. ♣..♣ ### ..[o... ♣♣♣ #. ...g_o... #. :#.......#. #. #.#.......#$# #. ## Turn 2610 on D:4: orc priest in the west #.......########.#. #.##...>.........#. ####.. #.......♣♣♣♣#... #....###.####..♣..♣..#. #..............♣.....#. #..####.####..#♣._..##. #..##.....##...♣....... #.......#.##♣..♣#### #..@....#.. ♣♣♣♣ # #......_...... # #.:#.......#.## # ##.#.......#$# # # ##.....## # # ###.### .. ## Turn 2787 on D:4: +1 pair of boots by Ely altar .#.......#..#♣♣♣♣ #. #......_..........# #. #.:#.......#.###### #. ##.#.......#.# #. # ##.....##.# ## .####.####.# ...........# #.####.#### #...@.....# #########.# # Turn 2812 on D:4: bubbling white potion - brilliance ### #.....# #.......# #####..#..###.####### #.....###.....### ###.##..###..##...# ##...###..#..###.#.# #.....##.....##....# ### #..................# ..# #...##.........##..# #.# #..####...@...####.# #.# #...##.........##..# ..#####..................# ####....##..##.....##...## ####.#####.###..#..###..# .....# #.##..###..##..# ####.#####.....###......# # #.....#####..#..#....# # #####.# ##.[........# Turn 3002 on D:4: Dithmenos vault in east with Temple entrance south of it. .. #. #. ## #. ... # #.####...$ ##.#.#........# w.............. #.@....... #.##...... #. #...# .. ... .#. . #.#. # #. .. Turn 3083 on D:5: ICORPH MY FOM - amnesia .. ... .. .. #. #.#. #.# #.# #. ... #.#.# #..##.##..# # #.#.# #.........#.# #.#.####...$...... # #.#.#........#..#.##.# ................@...# #.#.<...........#.# #.#.##........### #.#.##.#...#....# #.............#.# #.#.##.##.......# #.#.##.##<##.#### #.#.............. #......##.#..#### Turn 3218 on D:5: red potion - heal wounds ### #.# ## #.# ###########... #.# #.....@....... ####.# #............. ...#.# #............. .#.#.######...........## ......................# ...#.######...........# ....†........######.### ....†..........# ... †..######......# .=.# Turn 3541 on D:5: Water moccasin spawns in northeast btw. ##.#.############.#### #....... ...#.###.............# #...##.. ♣#.......########.##.# #..####. ♣..#.###.# #.##.# #...##.. ...#.# #.# #....#####....... ..##.# ### #######....##..## .....# ##############.#####.### ♣#########.......#......# #.##. ♣ #....#....##@#.####.#####.... # #.##.#..#.##.#.# #.....##### # #.##....#......# #####.# ## #.......###.#### #...# #. ######### #.# #.### #. #.# #.# #. ##### #.# #.# #. #...# ###.# #.# #. #.#.# #...# #.#### #. Turn 3543 on D:4: D:5 uphatch might be okay. #.#. #........# #.# #..##....# #..##.#### #.....# #..##.# #. #.# .##..##.#### #..........### #.#......†@).# #.######.#...... # ..# .#### ##.# # ..# .## . ## Turn 3690 on D:5: ruby potion - might ......# #.# #.#.#.##.... ##....[. #.# #.#.#.##.#.. ..... #.# #.#......... #.. #.#.#.##.##. ##. #.#.#.##.##< ### . .#.#....... #.# #......##. #.# #.###.###. #@# ...# #)# #. #.# #.... #.###. #.# #.#. #..... #.####.# #..##. #......# #..##. #.####.# #..... #.# #..##. #.# ### #..##. #.####.....##..##. Turn 3781 on D:5: +1 robe of willpower on Blork .# #.....<....... .# #............. .# #............. .######...........## ### ..................# #.# .######...........# #.# †........######.### #.# †..........#......# #.# #####......#....@.# #.# #......#......# #.# ###.>###......# #.# #..# #......# #.# #######..######'### #.####### ................# #.......# ............>####### #.#####.# #######............# #.#.....# #######.......####.# #.#.###.# Turn 3854 on D:5: +5 ring of evasion in northeastern room ### .. .. . ###. §§## #§§# #@§# #### Turn 4022 on D:6: ERACUB ZEWOLEH - fog ### .. .. . ###. §§## #§§# #@§# #### Turn 4023 on D:6: WOAPPU GURU - fear ### .. .. . ###. §§## #§§# #@§# #### Turn 4024 on D:6: XIANENOCVY - brand weapon ,* *,,,* ,******** *###+*** ,**,,,,,* *..,,,,* ,,+,,,,,* *..,,,,* ,,*,,,,,* *.,,,,,* ***,,,,,******###.,,,,,* ,,,,,,,,,,,,,,,§§##,,,,* ,,,,,,,,,,,,,,,#§§#,,,,* ,,,,,,,,,,,,,,,#@§#,,,,* ,,,,,,,,,,,,,,,####,,,,* ,,,>**+****+***,,,,***** ,,,,*,,,,,,,,,*,,,,+,,* ,,,,*,,,,,,,,,*,,,,*,,* ,,,,*,,********,,,,*,,* ,,,,********,,,,,,,**** ,,,,*,,,,,,*,,,,,,,* ,,,,*,,,,,,*,,,,,,,* Turn 4025 on D:6: UGINLUYTAPP - magic mapping ,,,*,,*,,,,#...# ,,,*,,*,,,,#...# ,,,**,**,,*#...# ,,,,*,**,,*#..##### ,,,,*,,...##..##..# ,,,,*,............# ,,,,*,............# ,,,,*,##..##......# ,,,**,*#..*#....@.# ,,,*,,...,*##+###+#* ,,,*,,..,,*,,,,,,,,* ,,,*,,,,,,*,,,,,,,,* ,,,*,,,,,,*,,,,,,,,* ,,,*,,,,,,*,,,,,,,,* ,,,*+****+*,,,,,,,,* **,,,,,,,,,,,,,,,,,* ,*,,,,,,,,,*****+*** Turn 4082 on D:6: lumpy coppery potion - mutation #....# #.....'.. ******* #....# #.....#.. *,,,,,*####....####.....#.. *,,,,,##..###'#.........### *,,,,,+.......#............ ***+**##..[...#............ *,,>..##......#............ *,,...........#............ *,,.......@...#.........### *,,...##..#####.........#.. *,,..,*#..**#...........'.. *,,.,,....,,#........†..### *,,,,.##..,,#.............. ****#**#..,,#.............. *,,,,,*...,,#.............. *,,,,,*###**#.............. *,,,,,**,,#....#######..... Turn 4445 on D:6: smoky sapphire potion - lignification #.#.#.#.#.#.#..,,,,,,,*, ##.#.#.#.#.#.....,,,,,*, #.#.#.#.#.#.#......,,,*, ##.#.#.#.#.#.......,,,*, #.#.#.#.#.#.#...###****, ##.#.#.#.#.#....'.,,,,,, #.#.#.#.#.#.#...#.<,,,,, ##.#.#.#.#.#....#,,,,,,, ####..@........*,,,,,,, #..........,*,,,,,,, ########...,*,,,***, *,,.,*,,,***, *,,,,*,,,,,,, *,,,,*,,,,,,, *,,,,*,,,,,,, ********,,,,*+****,* *,,,,,,,*****,****,* Turn 4538 on D:6: Checkerboard vault in west; only thing of note is 6 javelins at its southern edge. #..# #..## #...# # #.#.# .. #.#.# .# +.#.# .# #.#.# ##.# #.#.#######...# #........†@.# #........#### #........# #........# #........# .....#####.. ####..# ... ... ... Turn 5141 on D:7: fuming clear potion - resistance ............# ...........## ##......#### ...####..# .# ##.###### ##......## ##........## #..........# #....@.....# #..........# #..........# .............# ####........## .$........# #........./# #..........# Turn 5334 on D:7: amulet of magic regen in southeastern chamber ########### # #@........######## #.........#......# #.........'......' #.........#......# #####.........######## ..........######...... ..........#....#...... ...........'....#...... ...........#....#...... Turn 5768 on D:8: ZINIYNOGHO - enchant weapon ..##..#.....####.######.####.#### )###..#######........>...###.# #.....###...#..##........##..#### #.##....#.>.##................... #.##...##....#................... #.##.#.###...###..........###.... #.##....##....#...............### #.###)...##....###..........### >.........#.♣...@.............# #.###....##....#...##.........# # #.# #....#....#..#.##.##......# # #.# #...##...##..#.#...#......# # #.# #####....#..[#.#...##.....# # ..# #.>.##.........####.##### .## #...#........### #...... ## #####....#...### ####### # ####.....<##....#### # Turn 5787 on D:7: D:8 uphatch is a bit useful _##..⌠..#.............# ##......#.............# #.......#.............# ......#...............# #...###########.......# ##### #.......# #.......# #.......# #.@.....# #<......# #.......# #.......# #.......# #.....|.# #.......# #.......# #.......# Turn 6287 on D:8: staff of poison in southeast #.).# #..# # #.).###..###.# #............## +.............. ##.####<.##### #.# #..# #.# #.... #.# ###### #@# #.# #.# #.# #.# #.# #.# #.. Turn 6534 on D:9: clear potion - berserk rage .#.#. #.#.# .#.#.#+#+#+#'#.# # ..............#.. ######.............. +....?........~~~~~~~... ##.###........~≈####~.~ #.# #........≈≈#g∩#~.. ###.# #........~≈'o.#~.######## #...# #.######.~@'g.#~........# #...###.######.≈~'o.#~........# #..............~≈#g>#~........+ ###.###.#####..≈≈####~........# # #.# #.# ##.~~~≈)≈~........# # #.# #.# #....)[)...####### # #.# #.# ######).##.# # #.# #.# #†###.# ###.# #.# #.# #.# Turn 6692 on D:9: Bailey entrance around center of floor. Beware of nearby wights and killers bees. #∩..∩..........+ #..............+ ###......≈≈≈≈~.# #......≈≈≈≈~.# ######.≈≈≈≈~.# #≈≈≈≈≈~.# #≈≈≈≈≈###### #≈≈≈≈≈#....# #≈≈≈≈≈#.@..# #≈≈≈≈≈#'#..############## #≈≈≈≈≈#.#..'............. #≈≈≈≈≈######~~~~~~~~~~~~~ #≈≈≈≈≈≈≈≈≈≈≈≈≈≈≈≈≈≈≈≈≈≈≈≈ #≈≈≈≈≈≈≈≈≈≈≈≈≈≈≈≈≈≈≈≈≈≈≈≈ #≈≈≈≈≈≈≈≈≈≈≈≈≈≈≈≈≈≈≈≈≈≈≈≈ #≈≈≈≈≈≈≈≈≈≈≈≈≈≈≈≈≈≈≈≈≈≈≈≈ #≈≈≈≈≈≈≈≈≈≈≈≈≈≈≈≈≈≈≈≈≈≈≈≈ Turn 6874 on Bailey: 10 pieces of gold in southwest room ≈≈≈≈≈ ≈≈≈≈≈ ≈≈≈≈≈ ≈≈≈≈≈ ≈≈≈≈≈ ≈≈ ≈≈≈≈≈≈# ≈≈≈≈≈ ≈≈≈ ≈≈≈≈≈≈# ~~~~~ ~~~######≈≈≈≈≈# ..... ..'..#?#≈≈≈≈≈# ##### #..#@#≈≈≈≈≈# +....#≈≈≈≈≈# #....#≈≈≈≈≈# ####.#≈≈≈≈≈# +..#.)≈≈≈≈≈# #..#.~≈≈≈≈≈# #..#.~≈≈≈≈≈# ########.~≈≈≈≈≈# ..8.8..#.~≈≈≈≈≈# Turn 6969 on Bailey: scroll of acquirement behind door of northeastern fortress corner

≈≈≈≈#....#.8.8.8.'....)#....#≈≈≈≈
≈≈≈≈######...##############.#≈≈≈≈
≈≈≈≈~.#......#....+) +..#.)≈≈≈≈
≈≈≈≈~.#......#....#) #..#.~≈≈≈≈
≈≈≈≈~.#''#####....# #..#.~≈≈≈≈
≈≈≈≈~.#)))..##....#########.~≈≈≈≈
......'.....##....#..8.8..#.~≈≈≈≈
......'..⌠..##.._.'.......)∩~≈≈≈≈
......'.....##..@)#..8.8..#.~≈≈≈≈
≈≈≈≈~.#.....##....#########.~≈≈≈≈
≈≈≈≈~.#''#####....#. #..#.~≈≈≈≈
≈≈≈≈~.#......#....#[[# #??#.~≈≈≈≈
≈≈≈≈~.#......#....'[[#.':!#.)≈≈≈≈
≈≈≈≈######...##############.#≈≈≈≈
≈≈≈≈#....#.8)8.8.))....#....#≈≈≈≈
≈≈≈≈#....#...))..#)....'...)#≈≈≈≈
≈≈≈≈#'#..###############..#'#≈≈≈≈


Turn 7392 on Bailey: +2 rF+ ring mail on gnoll .. . ..# .. ..# .. ... #. #.# .#
#. #.. ..###.# .. #. #<##.....## .!# # #.#. #..@......##.# .#.#.# #.#..###..#..#
#'#.# #+#' ##.#.......>.### ....#..... ................# ..........
................+ ~~[~~~~...............[....# ~≈####~.~~.....##+###'######
≈≈#.∩#~........ ##'######### ~≈)..#~.######## #..........# Turn 7561 on D:9:
glowing brown potion - attraction ..............#..##..##.
.................##..##. ...#.#.....#............ ....#.#.###.....#.#..### #.
#....#.#......#..# .#..#.....#.......#..# # .......>.........##..##.
....#.....#..#....#..### .#..#..@..##.....##..# ...#..#.#.#.......#..# ..
###..........#..... ..........~..#..# ..####....# ..# # ... ..... ... . ##..
...#. .#.# # #. #. #. .# #.....### #. # #. #<##.... Turn 7778 on D:9: Icy lair
entrance in the north. ###.##.###...###.## #...##.##.....##..##
##.######.......##..## #..# #.........##..# #####.## ##.......####.# ....#.#
##.......).###.# ......# ##...........##.# .....#####.............#.# .....#
#........@........# ...>####.#.............### ....###..##...........##
###......###.........## #......####.......## #.......##.........#
#.......###.......## #.####### ##.....## #.# ##...## Turn 9040 on D:10:
Strange-shaped vault in southeast. #......~~~~~~## #....# #......#~.....# #.....
#......##.....# #[)... #......##.....# ......... ###########################
#...)........[........... #.........).)))........#) #......[....).........[#.
........@................ .........>.....##........ ....#....................
~.. #.................... ## ##################### Turn 9608 on D:11: Orcish
Mines entrance in south. Swamp drake and vampire in area too. ...Y.. ©.## .Y.Y.
.§.. #.YY. §§... ...### §...##.... C...T#.Y. ##.#..####+## #..#.@......#
#.##...####.# #....####.# #.........# #..........#### #....#####......# ......
#.#..#.# .##### ####......####### .................. Turn 9954 on D:12: YAK PACK
IN SOUTHWEST ... ...###### ........# ........# ......# #....# #....# #...@#
#....# #....# #....# ###### Turn 11083 on D:13: MEURUI FUUCSEJ - noise ...
######## ... #......# .... #<.....#..... #......#... #........ #......# #....@.#
#...(..# #......# #......# #......# #......# #......# #......# #......# Turn
11105 on D:13: WADE OVAKH - silence #......# #.....###+### #....##.....##
#....#.......# #....#.......# #....+..._...+ #....#.......# #....#.......#
#....##..@..# #.....###'#### #<...........# #............# ############## Turn
11154 on D:13: white ugly thing in southwestern crystal wall chamber; this is
where the Veh altar is .. #.... ... #....#### ........ #........ ######.........
.#........ #.............. .......... ..............## ......#...
.....#####..... ..#... #... .....#...#....#### ... #.. #...
.....#.........#@#..o.. #. #... #................((.o...# #...
#........#.......o.....# #... #))......#...#.....#o... ####
.............#.......... .............#.......... .............#..........
.............#......... .............#......... Turn 11522 on D:13: Dancing
weapons! .# #...#...#.... .# #...#...#.... .# #............#... .#
#............#... ## #............#.... .. #............#....
....#...#..##....#....### ..................#.......
######.........@........#....... ##..............#[#..............
...............#####..........#.. ......#####......∩.......#... #..
......#...#....#####.....#.. #.. ......#.........#.#......#. #..
.#...............))......# #.. .#........#......)......## #..
##))......#...#.....#....# ### Turn 11631 on D:13: fire dragon scales by Vaults
entrance #.................## ..#..........##...### #............###...#####
##............# ####..... #.............# ###... #............## #.#.
#............P# #### #............## ####..[@.....# ##P###.#.## ### ##### # ###
### #####.# ###.###### ######.#.... #.....##.# ###........... ###.....###
#............. #.......######......###..# Turn 13123 on Lair:1: +2 pair of boots
in northwestern chamber .........# #.###.#.# #.# # .........#####.# #.#.#####.#
# .........##.##.###.......#.# # .........##.##.....###.#.#.######
.....>...##...................... .####...###.##.#...###...#.######
.##..........#.#.#............... ......#.###.......#.##...........
.###............@........######.. ...<..##....#########....# #..
.###.......##8..cgo8##...# ### .# #....##.#.........#...# #
.###..#.##.#.##.K.##.#...######## [.....#.##.#.##...##.#.[.........
.####.#.##.#g.......©#........... .# #.#.##.#.##...##.#.#.######## ##
#.#.##.#.##...##.#.########## Turn 13420 on D:5: bubbling green potion - flight
..<..##....#########....# #... ###.......##8...).8##...# ###. #
#....##.#....))...#...# #. ###..#.##.#.##.©.##.#...########.
.....#.##.#.##..)##.#.[.......... ####.#.##.#........©#............ #
#.#.##.#.##...##.#.#.########. # #.#.##.#.##...##.#.##########.
#.#.##.#.....@!..#............ ####......##8.._.$8##..##########
...........#########...# # .........#.....©.......#### #
........######...###......# # ........# ##..# #....#.# # ........#
####.###....#.### # ........# #...........#...##### ........#
#.#######...###...... Turn 13458 on D:5: fuming yellow potion - ambrosia .# ####
#### #...P## ...#### #.."..## # ......#######..^..P##. ......##..##.........
.............>.....## ........#...........# .......#...........##?.#
<...##...#.....!@......# ....##...##..#.......### ....##..####.##.##...#
....##.......#### ..## .....P...~~≈~.## ...# .......~≈~~≈≈~.#....#
..#...≈~≈≈≈≈≈≈~#...## #.##.~~≈~≈≈≈≈≈~....# ..##.~≈≈≈≈≈≈~≈~....# Turn 14172 on
Lair:2: HEXKUI TAXU - immolation ....#.#P#####P.P##.#..# ##.............#####..#
#P..#.#...###..# ##P.# .....#######...# #P..# ....## ##....#########
[....#####......##Z#Z#Z# )................#.....# ##.#.##.#.#...P..+...(##
##..#####.##....@+Z..[W# ..........###....+..Z?## .#######...##....#....$# ##
#...##....#.#Z#Z# .# ##.#.##.######### P# #..####.P###...# P# ##.# #........# ##
#.# ##......### # ###.# #..##...# Turn 15527 on Lair:3: Ghost vault contains
lots of spectral things and hydra simulacrum. ♣♣ ♣. .♣♣ ♣ ♣.♣ .3 ♣♣ ♣!.♣♣ ♣.♣ ♣.
|i.♣ X.♣ ♣. ♣..♣♣..♣ ♣. ♣.....♣ ♣♣♣. ♣....♣ ♣... ♣.@.♣♣ ♣... ♣....♣ ♣♣P# ♣....♣
♣♣# ♣♣...♣♣ ♣♣♣ ♣♣...♣ ♣.♣♣ ♣♣..♣♣♣♣♣♣♣..♣ ♣...♣♣......♣ ♣♣...♣♣=....♣
♣♣..♣♣..♣.♣♣ Turn 17365 on Lair:5: Corrupted forest ending. May contain
occasional inanimate spriggan skeleton ♣.♣ X) ♣♣.. ♣!.♣♣ ♣3♣ ♣... ♣|..♣ ..♣ ♣...
♣..♣♣..♣ ♣... ♣.....♣ ♣♣♣... ♣....♣ ♣..... ♣..)♣♣ ♣..... ♣....♣ ♣♣P#.# ♣...@♣
♣♣### ♣♣...♣♣ ♣♣♣ ♣♣...♣ ♣.♣♣ ♣♣..♣♣♣♣♣♣♣..♣ ♣...♣♣......♣ ♣♣...♣♣=....♣
♣♣..♣♣..♣.♣♣ ♣♣÷.♣♣♣♣♣†♣ ♣♣♣♣.÷..♣♣♣..♣ Turn 17372 on Lair:5: +2 rapier of
distortion on spriggan. .. ♣♣ .. ♣ .♣ ♣♣. ♣.. .♣ ♣l♣ .♣♣ ♣.♣♣ .) ♣!.♣♣ ♣.♣ ♣@..♣
..♣ ♣♣..♣♣..♣ ♣.....♣ ♣ ♣....♣♣ ♣ ♣♣..)♣♣ ♣ ♣....♣ ♣ ♣....♣ ♣♣...♣♣ ♣♣♣ ♣♣...♣
♣.♣♣ Turn 17385 on Lair:5: staff of earth ♣. .. ♣♣ .x ♣ .♣ ♣♣l ♣.. .♣ ♣.♣ .♣♣
♣.♣♣ .) ♣@.♣♣ ♣.♣ ♣|..♣ ..♣ ♣♣..♣♣..♣ ♣.....♣ ♣ ♣....♣♣ ♣ ♣♣..)♣♣ ♣ ♣....♣ ♣
♣....♣ ♣♣...♣♣ ♣♣♣ Turn 17387 on Lair:5: grey potion - potion of invisibility
♣♣.♣♣♣.♣♣ ♣♣)♣♣♣♣........... ♣♣.♣ ♣..♣ ♣♣...♣♣♣....#.##.# ♣..♣ ♣..♣
♣..♣.♣♣♣♣.P#### # ♣.♣♣ ♣..♣♣ ♣.♣...♣ ♣..# # ♣.♣♣ ♣♣.) ♣..♣..♣♣♣..#### ## ♣=.♣♣
♣.♣♣ ♣♣....♣♣...##.###. ♣|..♣ ..♣ ♣ ♣÷.♣.♣♣..........
♣♣..♣♣..♣♣♣.♣♣..♣♣♣♣.......... ♣.....♣ ♣...@..♣♣♣♣.......... ♣....♣♣
♣?_÷.÷♣♣♣............ ♣♣..)♣♣♣∩...♣♣♣ ♣......#P.#P. ♣....♣♣..÷. ♣♣P#.#######.
♣....♣♣♣... ♣♣### ## ♣♣...♣♣♣}♣♣ ♣♣♣ ♣♣...♣♣♣ ♣.♣♣ ♣♣..♣♣♣♣♣♣♣..♣ ♣...♣♣......♣
Turn 17592 on Lair:5: So many skeletons! ##.#..... ...## ......♣.♣♣.P..##
..P.....~~~♣.... ..♣.~~.~.~..~.... ♣♣.~~$~.~.~..~♣... ♣.~..~..~~.~~.~♣...
♣~~.~~)~.~..~.....# .~.~~~~@.....~.~♣.## ..~..~~.~..~~.~~.$P##
.~..~~..~~†.~~.~....# ~.~~..~~..~~..~?...# ~~.~~..~.~~..~..♣.##
~.~.....~~~~~.~....# ♣..~..~.~.~~.~~♣..## ♣~.~~.~~..~..~....# ♣~..~.~.~.~~.♣..##
Turn 17766 on Lair:5: Rupert is found in the northeast with a bunch of water
around. ♣=.♣♣♣♣.♣♣♣♣♣♣....♣♣...##.# ♣|..♣♣..♣ ♣.♣♣..♣.♣♣.......
♣♣..♣♣..♣♣♣.♣♣..♣♣♣♣....... ♣.....♣♣♣......♣♣♣♣.......
♣....♣♣♣♣._...♣♣♣......... ♣♣..)♣♣♣∩...♣♣♣ ♣......#P. ♣....♣♣....♣ ♣♣P#.#####
♣....♣♣♣!..♣ ♣♣### ♣♣...♣♣♣@♣♣♣♣♣♣ ♣♣...♣♣♣♣ ♣.♣♣ ♣♣..♣♣♣♣♣♣♣..♣ ♣...♣♣......♣
♣♣...♣♣=....♣ ♣♣..♣♣..♣.♣♣ ♣♣..♣♣♣♣♣.♣ ♣♣♣♣....♣♣♣..♣ ♣♣.♣♣.....♣♣.♣♣ Turn 18430
on Lair:5: box of beasts nearby Lugonu altar ........#..# #..# ........##.###..#
........##...#..# .....)..####.'..###### ........# ###.......# #####+###
#####..## ##....## #...[## #..@.# #....# #....# +....+ #....# #....# ###### Turn
19096 on D:14: Efreet with +2 scimitar of flaming in south #####).## . ##....##
#.. #..=[## #.# #....# #.# #....# ##'######## #....######.........#
+....'.).##.........# #....###..'.†.†.†..†# #....# ####.†.@.....# ######
#.........# #†.......†# ########### Turn 19551 on D:14: I love the yak corpses.
:# .....### #.#.# .#########...+... .............#.. . .............+....####..
.............#...#..Z... ..............#+#....P.p ....######.#....8......8 ....#
#.#..#.8.8..... ....# #.#....@8...8.. ....# #.#.#.#Pz...PP. ....#
#.#.#......?zV8 #...# #.#.###.....8.. #...# ##...# #...P.... ....# #...##
#....8..P .### ..### #...# #P.P..... .... #.# #...# ##..P..8. #.# #...# ### Turn
20514 on D:15: SPOOKY-ASS DEPTHS ENTRANCE #####........... ####...........
##.#^..###...... ####...#.####....<> ##.##..#.####....... #..........#...)....
##.######.....#..... #..#oooo##...))))).. ##.@oooo#.....)))...
###oooo#.....)))#.# oToo#.#...#...#. oooo# ##.##..... ##### #.. #..... ##.
##.... ######... ##.##... #...#... Turn 21674 on Orc:1: Good ole jamboree vault.
.............. .............. .........#.#.#.. ... .....$....... ....
............ ..o..#........... .....#......P.... ......[[.....P...
..#...[@)o......8 #..C.....P...∩.. #.........P...... ....C.T....PP....
#...#........P.P. ...#.....#.)..... ........##....... #......P. #...... .PP..P.P
###... Turn 22145 on Orc:2: Orcish Mines ending: shops with lots and lots of
giants ##........####............ ###.....## #............. ##......#
##............ #.......## ##.#......... ##.......###............
###.≈≈.≈≈.##.#......... #≈≈≈.≈≈≈..........#.. #≈≈⌠.⌠≈≈....<.....#..
#...@....#.........)) #≈≈⌠.⌠≈≈.......#...)< #≈≈≈.≈≈≈.... #...... ##≈≈.≈≈.....
#....... #.........##........ ##......$##.#...#... ##...#..#$....#.... ...$....
......... ##......P Turn 22938 on Orc:2: 1040 gold for Axes, Invo, Air Magic,
Short Blades manuals #### ### #### .....##⌠##..).. ..e..+...+..e..
.e$e.+.@.+..... ..e..+...+..e.. .....##⌠##..(.. #### ### #### Turn 23074 on
Elf:1: 2 deep elf annihilators right by the entrance! ♣.~~.. . ~~~~....
♣♣♣♣♣.~~~.... ♣~.~......♣~♣ ♣♣♣♣♣♣.~~~~♣ ..~~~ ♣♣.~.....~†♣♣...~~D
♣♣♣♣....~~~.......♣ ♣..~~~............♣ ♣~.~~~~~~@..♣♣♣......~
♣♣.....~~~~.§.........~ ♣♣~~~...~)~§~~~~.....♣♣♣. ♣♣.....§~~~~~~~..~....♣.
♣~....~§~~~..~.......... ♣♣.....~~~..§....♣♣..~~. ♣♣♣♣ ♣♣~♣..~)§..~♣♣..♣♣..♣~.
♣..♣♣ ♣.~~...~~.............. ♣...♣ ♣♣♣.~~...)..~....~~~~~§~~ Turn 23656 on
Swamp:1: scroll named LAD - torment ♣~♣ ♣.~§~~. ♣♣♣ ♣$~~~~ ♣♣♣♣♣ ♣♣~. ♣§.~~~
♣..~♣ ♣~.~ ♣.... ♣.~.♣ ♣.~~ ♣♣♣♣♣♣..♣♣♣♣§..♣♣♣~.~ ♣..$~♣♣.~♣..........~
♣♣.~/~~....~~~~...~.~~ ♣~~~~@.~~~~~..~~....~~ ♣.~~...~~†~~........~~
♣~.$♣♣~~~~~~.♣♣♣..~.~~ ♣♣♣♣ ♣♣~....~♣ ♣♣~~§.~ ♣.~~...♣ ♣.~~~.~ ♣.§....♣♣♣.~~§<.
♣♣§♣♣♣♣♣....~~.. ♣♣♣ ♣♣.~~.~~~. ♣~.~~..... Turn 24345 on Swamp:2: condenser vane
in west #### #### ##≈.## ##..φ# #≈☼≈§### #≈.≈≈≈###≈≈≈☼...# ..≈≈≈≈≈≈≈##≈≈≈..##
≈≈≈☼≈≈≈≈≈≈#≈≈≈≈..# ≈.≈..≈≈.≈≈≈.≈≈≈.## .~~ #..@≈≈...≈≈≈.## §~. ####..###.≈≈.≈#
♣... ...$####♣##..≈.# ~~.. ~.§≈≈..♣♣♣~♣.#.###♣.~♣~ ~.≈≈≈...~~~.#.###♣...~~
.☼☼°...~~~.♣.♣##♣~÷..~~ §..°.~~~~~~.~~÷~..~~..~ .....~~~.~~÷~♣~.~÷~§~~~
~~§~~~~.~~...÷~[.÷~°.§~ Turn 25366 on Swamp:4: Fiery swamp ending! ...~.~..♣♣
≈.♣.~§♣♣♣ ♣~~.. ~.....♣ ~.~~~ ....~.♣♣♣♣♣♣♣♣♣ ♣~.~~~ ....~...§~.~♣ ~♣♣..~~~ .
..♣.~~~~~~~~♣♣♣..[....~♣ .♣♣§§~~~~~~~.~...~♣♣~... ♣♣.~~~~~~~~....~?~.~~...
♣~~~..♣~♣.~♣.~.~@~~~~... ....~..~†~♣~~♣♣♣♣.~~..♣♣ )~~~~♣♣♣♣..~♣####♣~~.~.♣
~~~♣#####♣~♣##≈.##♣♣~~♣♣ ♣♣♣##...##♣##≈§≈§### ~~♣ ####≈.°≈≈###≈≈≈☼...# ~.
#....≈°≈≈≈≈≈##≈≈≈..## ~ .≈≈≈≈≈≈§§☼≈≈≈#≈≈≈≈..# .≈≈≈.≈..≈≈.≈≈≈.≈≈≈.## .~~~~ Turn
25825 on Swamp:4: scroll of acquirement north of lava rune vault ..♣~♣..~.♣
...~.~..♣♣ ♣♣♣♣§ ≈.♣.~§♣♣♣ ♣~~..~ ~.....♣ ~.~~~. ....~.♣♣♣♣♣♣♣♣♣ ♣~.~~~.
....~...§~.~♣ ~♣♣..~~~ . ..♣.~~~~~~~~♣♣♣..[....~♣ .♣♣§§~~~~~~~.~...~♣♣~...
♣♣.~~~~~~~~....~@~.~~... ♣~~~..♣~♣.~♣.~.~~~~~~... ....~..~†~♣~~♣♣♣♣.~~..♣♣
)~~~~♣♣♣♣..~♣####♣~~.~.♣ ~~~♣#####♣~♣##≈.##♣♣~~♣♣ ♣♣♣##...##♣##≈§≈§###♣~~♣
####≈.°≈≈###≈≈≈☼...# ♣~. #....≈°≈≈≈≈≈##≈≈≈..## §~ .≈≈≈≈≈≈§§☼≈≈≈#≈≈≈≈..# Turn
25826 on Swamp:4: THREE OF THEM ≈≈≈☼...# ♣~...†~~~~~..~..~
##≈≈≈..##♣~~.~.~~~~~~~.♣~~~ ≈#≈≈≈≈..##♣~~.?~~~~~~~~..~~ ≈≈.≈≈≈.##
#♣.~~~~.~~~~~.~~ ≈...≈≈≈.##♣~~~.~~~~♣♣♣♣♣.~ .###.≈≈.≈##♣...~~~.♣♣♣ ♣♣
##♣##..≈.#♣~~..°°°~!~♣ ♣♣~♣.#.###♣.~♣°°°°~~.♣ ~~~.#.###♣...~~°@°~~~♣
~~.♣.♣##♣~...~~~~~~k.♣ ~~~.~~÷~..~~..~~~$.~.... .~~÷~♣~.~~~~~~~~~.~..§.~
~~...÷~[.~~..§~~~~♣♣♣♣♣♣ §~♣♣...~.~~..~~~~.~ ~~.~..♣...<~♣.~~.~~
~~~~~.♣♣♣♣♣♣♣♣~.♣♣.. ~~~~~$♣ ♣♣♣ Turn 25894 on Swamp:4: amulet of guardian
spirit ♣♣♣♣♣ ♣..~♣♣ ♣~..~♣ ♣♣~.♣♣ ♣♣...♣♣ ♣♣♣♣♣ ♣♣ ♣♣♣~....♣ ♣♣♣○○○
~♣♣♣..~~..~♣♣♣○○○k♣♣ ~†.....~~~♣♣~♣♣kk○≈♣ .~§~~.~~§.♣♣.♣♣♣@♣ ~~~~~♣♣.♣♣♣♣[~♣♣○♣
.~~~~♣.~.~~~.~~.♣♣ ~~~.♣♣.~~~.~~..♣♣ ~~~.♣♣.~~~~.♣♣♣♣ ~~~.♣♣.~~~§~♣
~..♣...~~~~♣♣ ~..~..~~~~~.♣ ~~§.♣~~~~~§^♣ Turn 26111 on Swamp:4: Trio of swamp
drakes in obscured eastern deep water room. ...... #+#.................
#.##................. ...##........#.#....#### .W..##........##.....#.#
!♣?.⌠#...$....##........ .!..##........##....>... ...##..........##.^.....
#⌠##...@........#....... ###.....#...........###. .......####..........# .
....### #^......##### ##^ # ##..........# .. ..# #..........# # ....#
##..........# ......#..........## ..............#.## Turn 26463 on Spider:1:
potion of experience in ghost vault ############### ##......##.....#
#......####...###### .#.............##..^# .......[......~~~~~.#
....†........~~~~~~~# ....†......>.~≈~~~≈~## ^.....[.....††##~##~~##
.....#.....~~~#~@:#~~~# ...........~≈##~~[##≈~# .....#....#~~#~~~~~#~~#
...........~≈##~~~##≈~# ........###~~~#~~$#~~~# ....>..##.##~~##~##~~##
.......#..###~~###≈~## ...#...#..###~~≈~≈~~# #####..#...###~~~~~## Turn 26990 on
Spider:1: manual of armour in demonic crawlers + snail vault in east
.#.............. ............... ..$.....^....##### ###.
.................###.... ........................ ................^.......
...^...................s .........<.............. ..........†.....@.......
......†....†............ .......^..^............. ........................
..>..................w.. ......................#. ...............^......#
................#.....^ .............^..# . Turn 27779 on Spider:2: rpois ring
###............~#~~~... ######......##.~##~...~~~.^#
#####~~~#...~#..##~^###...†##.## #..~~†~~....#####^.~# ##~...###
#...~##....~#####..#####.†..# #.####....^###..#''#..###~..## ######...###
#..[##..[# ##†..## ##~...######........#####...# ##.....# #.['.@......##..#~^.#
#~..~~#################.~~~..## ###...~~~^.# ############.~~~.^~.
#...~###^†^###.^.##~~..###.^##~.. ^...## ##^##...........~.#####^.. ...~###
###.^.~^.....#...### #... #.....#####~.~##..^.^##~^.^###...
##..~..^##....##....####....#~..~ ###.......^##^...~## #~...^...# Turn 31010 on
Spider:4: two scarves of resistance and orb of wrath among the ambrosia potions
and gossamer rune ############ #..........####### #.##.............###
#.#..####.©.####...## ##.#.##..#####.[###..# #....#...?(@![.#..##.#
######.#.##.##..[###....#.####### .........#.....#††...#.##........
.........#..##..©..#...#......... .........#......#..##..#.........
.........##...#.†.#....#......### ######..[.#....#..†.†.##..#......
..........#####..###©##...#...... .....####.....####©###....#...#.) Turn 31652
on D:13: +1 boots of rampaging . . . . . . # # . . ### # # ### ##≈ ##φ# . #'# §
§ #@# § . #.# #≈ #)# # ≈Z #§# § #≈###.# . . §Z #.# §###§# . '# # ##..## Turn
33461 on Abyss:4: I haven't seen this Abyssal rune vault before. Lots of
"earthy" enemies. . #' § § #≈# #.# § .⌠≈⌠ #.# #≈# #)# Z≈⌠ #.# § ##≈###.# . ⌠≈Z
#.# #≈###. #@#.# # #.##..## +.'†..# ####### Turn 33494 on Abyss:4: Convenient
exit **,,,,* *,* #.....<.# *,,,, ****+*###.##**+<....#* ***** *,##.....#####'###
* **#.......## #.# * **.........###.# * **,....∩.....##.# *** *,,..#...#....#.#
**,, ***,,...........#'## **,,, *,,,,.∩..8..@......# **,,,,
*,*,,...........#..#** *,,,,, *,*,,..#...#....#....# *,,,,,
*,**,....∩.....##....# *,,,,, **,**.........##.....# *,,,,,
**,*#.......##*...### *,,,,, ***##.....## *...# **,,,, ###.##* **+## **+,,, *,**
*,* **,**,, Turn 40947 on Elf:3: Four shops in northwest quadrant ####.......#
#.......# '..'......########.).....# #####.....'......'.)....<# #
##.).#########.......# # *#...+** #.........# # **+#.##,** #.####'#### #
**,*#.#**,** #.# #.# **,**### **,**#.# #.# **,** **,*#@#* #.# *,** **#.#.#*#.#
,** *###.####'## ************#.#.#.#°##.## * *,,,,,,,,#..##.##..#..##
***,,,,,,,,#..##.##..#...## ,**,,,,,,,,#..#...#☼.#....#
,**,,,,,,,,#..#.∩.#..#....# ,++,,,,,,,,*,,*,,,*,,#....# Turn 41133 on Elf:3:
Wizlab entrance in northeast. **,**### **,**#.# #.# **,** **,##.## #.# *,**
*##.#.###.# ,** ####.####'## ***********##☼#.#.#☼##.## *
*,,,,,,,,#..##.##..#..## ***,,,,,,,,#..##.##..#...## ,**,,,,,,,,#.§#...#☼.#....#
,**,,,,,,,,#..#.@.#..#....# ,++,,,,,,,,#..#...#..#....#
,**,,,,,,,,#..#####..#...## ,**,,,,,,,,#☼.......§#..## ***,,,,,,,,##..○.☼..##.##
***,,,,,,,,,#########'## ,************ #.# *,** #.# **,** ##'## Turn 42480 on
Elf:3: Wizlab worth it for manual of shields. ### #.#### #....## ###### #.###.#
######.≈.[# #.###.####...##....# #..............)=.∩# #.##...@.÷.#..#....#
#.###÷.##.#####.§[[# #.# #.##### ###### #.# ### ###.#### #...#..
########.###.### #### ### .......<..##.#.###..# #.# ########............# #.#
Turn 47405 on Depths:2: These dwarves dug too deep!
#..#..#..##################.. #..#..#......................
#..#..#...................... #..#..#..#..############..#..
#..#..#..#................#.. #..#..#..#................#..
#..#..#..#..#########..#..#.. #..#..#..#..#)??$?![#..#..#..
#..#..#..#..@.$.φ$?[#..#..#.. #..#..#..#..#$)::=$(#..#..#..
#..#..#..############[.#..#.. #..#...................#..#..
#..#...................#..#.. #..#.)###############..#..#..
#..#......................#.. #..#......................#..
#..#..##################..#.. Turn 53314 on Vaults:5: rune in northwest quadrant
..... ..D.. #+####..... #........q. #.......... #.....d.dq. #.y....y...
#..@...d... #......##+# ######## Turn 58064 on Zot:1: Oh, this is wonderful.
#~~...##..≈≈..# #~Z≈......≈≈..# ≈≈~≈≈....≈Z≈..# ≈≈~~≈≈~..≈≈...# # ~...~~≈≈≈Z...
#~ ....~≈≈≈≈.. #≈. #...~≈≈≈≈≈ #≈..####∩.~~≈.≈≈ #≈...@○.≈≈~~≈## ##......~#####
##>..≈### ###### Turn 61309 on Coc:1: Stairs just a few steps away from
entrance! #≈≈~≈≈....≈≈≈..# #≈≈~~≈≈~..≈≈...## # #≈~~...~~≈≈≈....#####
#~~......~≈≈≈≈.....#. #≈..###...~≈≈≈≈≈..... #≈..####∩.~~≈.≈≈≈≈≈..
##≈......≈≈~~≈##≈≈≈≈~ ##......~#######≈≈≈~ ##@..≈### ##~~# ###### #### Turn
61561 on Coc:1: Easy floor. #≈≈≈≈# ###≈ ≈≈≈≈# ^≈≈... #≈.≈# ≈...≈≈ #≈.≈###≈Z..≈≈
### #≈.≈≈≈≈>....≈ #.#####≈..≈≈.....Z. ##.≈≈≈≈.....R≈..... ##.≈####≈..≈...≈≈.
##≈## ###@≈...≈≈≈ ##.## ##≈.9.≈≈≈≈ ##.###≈≈...≈≈≈≈ ##.#≈≈≈≈≈.≈≈≈. ##†≈##≈≈≈≈≈≈≈
#### ≈≈≈##≈# ≈### ≈ ## Turn 61748 on Coc:2: Stairs also close here, but lots of
enemies and alarm traps! ########### #≈##≈≈b≈b@...# ##≈≈Z≈≈b≈##..#
≈≈≈≈≈≈.∩.....# ≈≈≈.≈#.........# ≈... ###≈≈≈.#... ##. ≈≈≈≈## ... .≈≈≈.. . ...≈...
...≈≈≈#.. Turn 62040 on Coc:3: Elemental wellspring and shard shrikes spawn next
to entrance here. #..#..### 9# #.....# ...## #.....##..... #≈.....#≈....
#≈≈....≈≈≈#.. #≈......≈≈... #^.≈#...≈≈≈.≈ #.≈≈≈..>≈≈# #.≈≈≈@.≈≈≈# #.≈≈≈≈##≈##
####### # Turn 62089 on Coc:3: Entrance in southwest. .≈≈≈≈ ≈≈# .≈≈≈#≈≈≈# ≈
.≈≈≈≈≈≈# ..##≈≈≈≈≈≈# ≈≈≈≈ ....≈≈≈#≈≈# ≈≈≈≈ #..≈≈≈≈≈≈≈# ≈≈≈≈ ....≈#≈≈≈≈# ≈≈≈≈
...≈.≈.@≈○# .≈≈≈ ##≈≈≈≈≈..°# ..#. ..≈≈≈≈....# ....## #..≈....#≈# ..##∩##
#^......≈≈# ≈#§§..# ###.#..^.≈# .#..#≈# R ###.....# ....≈≈≈..C ..###...#
.....≈...#...#....≈# Turn 62207 on Coc:4: Downstairs in east. Floor seems scary,
with at least one ice fiend and wendigo. ≈## ##≈≈.≈# .Z≈###≈≈.≈≈##
..≈Z≈≈≈...≈≈## ≈..≈.W......≈## #≈...R.......≈≈ #≈.Z≈.2Z...≈≈≈≈ #≈>.≈.^....≈≈≈≈
#≈.≈≈≈.@...≈≈# #≈.≈≈≈.....≈## ≈..≈≈≈2L...≈# ≈.≈≈≈≈≈...≈≈# ≈.≈≈≈≈≈≈1.≈≈#
≈.≈≈≈≈≈≈.9.≈≈1 ≈≈≈≈≈≈≈≈E≈E≈≈≈≈ ≈≈≈≈≈≈≈######## Turn 62209 on Coc:5: Crazy
jamboree over here! ##≈≈# ..≈≈ ##≈.≈# ≈..≈## ##≈≈.≈# ≈≈..≈≈###≈≈.≈≈##
≈≈..≈≈≈≈≈...≈≈## #≈..≈........≈### #≈...........≈≈### #≈..≈......≈≈≈≈≈≈###
#≈>.@.^....≈≈≈≈≈≈≈≈# #≈.≈≈≈.∩...≈≈###≈≈## #≈.≈≈≈.....≈## #≈≈# #≈..≈≈≈^....≈#
##≈## #≈.≈≈≈≈≈...≈≈# #≈≈## #≈.≈≈≈≈≈≈..≈≈###≈#.## #≈.≈≈≈≈≈≈...≈≈≈#≈##.#
≈≈≈≈≈≈≈≈≈≈≈≈≈≈≈≈≈###.# ≈≈≈≈≈≈≈≈########## #. Turn 62852 on Coc:5: Fortunately,
stairs are just right there, but I decided to fight it out after blinking away
### #..# ########## #...# #≈≈≈≈#~~~## ....###≈≈≈....~~~ #..##≈≈.....~~~
##@○≈≈.......~~ ..#...≈#.......~≈ ≈≈.....≈≈≈##~~~~~≈≈ ≈≈≈...≈≈.......~≈≈≈
#≈≈≈≈~~≈...^......≈≈ #≈≈≈≈~...########.≈≈ #≈≈≈~...## #≈≈.~~.## ~...~. Turn 62906
on Coc:6: This floor also has a nasty jamboree by its entrance. Be prepared to
teleport. ≈≈≈≈~~≈...^......≈≈ ≈≈≈≈~...########.≈≈.# ≈≈≈~...## .≈≈.# #~ ≈≈.~~.##
..≈.# #..~ ~...~.# ..≈.##...≈≈ ..#.~..# #.~.....≈≈≈ .##.≈≈.# ##.~....≈≈≈≈ ##
..≈..# ##..≈≈~.≈≈≈≈≈ #.##.# #####.@≈≈≈≈~≈≈≈≈≈ # #..#..##.....≈≈≈≈.~≈≈≈≈≈≈ #
##..#......≈≈≈≈≈≈≈≈~≈≈≈≈^. .##...##.≈≈≈≈≈.....≈○≈~≈≈..^
.^....###≈≈....#...≈≈~~.≈≈.. ##....#.≈≈≈..####..~~~...~~. ≈≈≈###...≈≈..##
#..~≈.....~~~~~. ≈≈≈)≈~....~~..# ##.≈≈...#..~~~... ≈≈..≈......≈≈.####.≈~~###
..~~... Turn 63137 on Coc:6: Stairs in center of floor (i.e. northeast of
entrance) #≈≈~~≈≈≈≈≈≈~.~≈≈ #≈≈.~≈≈≈≈≈≈...≈≈≈ #≈..≈≈≈≈≈..b.≈≈≈ #≈≈..≈≈≈EE~..≈≈≈
#≈≈....≈E~~~≈≈≈≈ #≈≈≈...~~~~≈≈≈≈≈ #≈≈≈.......≈≈≈≈≈ #≈≈≈≈≈.∩.≈≈≈≈≈≈≈
##≈≈≈≈≈≈@≈≈≈≈≈≈≈ #≈≈≈≈≈≈≈≈≈≈≈≈≈≈ ##≈≈≈≈≈≈≈≈≈≈≈≈≈ ############## Turn 63167 on
Coc:7: Wendigos, shard shrikes, and wellsprings spawn around entrance.

Levels and vault maps discovered:
D:1:      minmay_arrival_nine_rooms, layout_basic, st_stairs_5
D:2:      layout_rooms, grunt_decor_junction
D:3:      layout_basic, nicolae_ashenzari_panopticon, uniq_jessica
D:4:      layout_basic, nicolae_dithmenos_shadow_blocks, old_standard_altar,
          mainiacjoe_overflow_alcove_1, minmay_temple_entry_overgrown,
          solitary_fountain
D:5:      layout_basic, gammafunk_temple_overflow_arena, moated_statue,
          uniq_blork_the_orc
D:6:      layout_gridville, serial_shops, nicolae_shop_industrial_runoff,
          minivault_23
D:7:      layout_rooms, grunt_ministairs_12, minmay_door_square,
          hangedman_abyss_or_decor_jellyfish_corner, hangedman_decor_lopped
D:8:      layout_gridville, tso_oasis_becter, uniq_joseph
D:9:      layout_basic, hellmonk_lair_entry_icy, serial_shops,
          nicolae_shop_tiny_real_fake_doors, enter_bailey_4
D:10:     layout_basic, mainiacjoe_overflow_six_doors_small,
          mainiacjoe_overflow_tiny_flanked, nicolae_figureground_pulse,
          uniq_snorg
D:11:     layout_basic, erik_orc_1
D:12:     layout_stronghold, gammafunk_ghost_wrathful_warriors
D:13:     layout_grid_maze, erik_vaults_1, gammafunk_ghost_berserking_beasts,
          serial_shops, shop, nicolae_vehumet_altar_sigil
D:14:     layout_roguey [special_room_bee], minmay_tree_intersection,
          serial_shops, nicolae_lakefront_shop, minmay_misc_feat_x
D:15:     gammafunk_depths_entry_grave, layout_basic, palyth_stone_intersect
Temple:   compressed_dpeg_circular_temple
Lair:1:   layout_cave_pods, gammafunk_ghost_abyssal_escape
Lair:2:   layout_misc_corridors, nicolae_spider_entry_tight_spaces,
          infiniplex_staircase_pool
Lair:3:   layout_loops_ring, nicolae_swamp_entry_spooky,
          gammafunk_ghost_necromancy, serial_bayou_shore_b
Lair:4:   layout_misc_corridors, nicolae_lair_yak_garden
Lair:5:   hellmonk_lair_end_abyssal_woods, layout_cellular_growth,
          nicolae_slime_entry_slimehenge, nicolae_quartered_pool_super,
          uniq_rupert
Swamp:1:  layout_basic_swamp, evilmike_swamp_ruin_house_6
Swamp:2:  layout_basic_swamp, evilmike_swamp_ruin_house_2
Swamp:3:  layout_basic_swamp, evilmike_swamp_ruin_house_3, swamp_pool1,
          nicolae_swamp_tree_designs, uniq_nikola
Swamp:4:  swamp_fiery, layout_basic_swamp, swamp_pool5,
          nicolae_swamp_feature_on_the_river_bank
Spider:1: layout_spider_delve, hellmonk_ghost_happy_afterlife, worms_lemuel
Spider:2: layout_spider_delve
Spider:3: layout_cave_pods, drop_trap
Spider:4: spider_rune_water
Slime:1:  cheibrodos_slime_lost_civilization_10, layout_caves
Slime:2:  cheibrodos_slime_lost_civilization_1, layout_caves,
          cheibrodos_slime_lost_civilization_6
Slime:3:  layout_caves, nicolae_slime_rock_hall_of_fame
Slime:4:  layout_caves
Slime:5
Orc:1:    layout_caves, special_room [special_room_orc], serial_shops,
          nicolae_shop_real_fake_doors, uniq_josephine
Orc:2:    grunt_orc_gardens, layout_caves, grunt_orc_garden, grunt_orc_garden,
          grunt_orc_garden, grunt_orc_garden, nicolae_shop_self_help,
          uniq_maurice, uniq_azrael
Elf:1:    nicolae_elf_arrival_dilemma, layout_loops_cross,
          minmay_elf_annihilation, elves_outpost_lemuel
Elf:2:    elven_hall_of_blades_hangedman_original
          [nicolae_blade_entry_pointy_end], layout_geoelf_grid, basic_altar,
          uniq_agnes, uniq_donald, uniq_zenata
Elf:3:    elf_hall, layout_geoelf_grid, mu_enter_wizlab_3, minmay_shoptagon
Vaults:1: nicolae_vaults_frosty_reception, vaults_room_large_hall,
          ontoclasm_vaults_hangar, v_misc_28, hangedman_vaults_stagger,
          vaults_room_boxed, ontoclasm_vaults_gateway, grunt_vaults_twisty,
          nicolae_vaults_stepped_doors, vaults_room_pools, layout_vaults_ring,
          uniq_saint_roka
Vaults:2: v_pattern_3, hangedman_vaults_nodes, nicolae_vaults_spaceships,
          nicolae_vaults_closet_pinwheel_5, v_misc_29, v_misc_12,
          ontoclasm_vaults_hangar, minmay_crypt_entry_simple_sparse,
          nicolae_vaults_big_angled_halls, nicolae_vaults_storage_room_water,
          vaults_room_door_ring, layout_vaults_omnicross
Vaults:3: nicolae_vaults_house_2, nicolae_vaults_lightning_bolt,
          nicolae_vaults_tetromino_Z_1, layout_vaults_omnigrid, serial_shops,
          shop, shop, nicolae_shop_tiny_glass
Vaults:4: nicolae_vaults_network_periphery, hangedman_vaults_restitches,
          nicolae_vaults_ring_of_whatevers, nicolae_vaults_six-pack,
          nicolae_vaults_diamond_1, hangedman_vaults_trim,
          hangedman_vaults_nails, layout_vaults_big_room
Vaults:5
Depths:1: layout_basic, grunt_hell_entry_dis_grunt, nicolae_uskayaw_suspiria,
          nicolae_hexahallways, st_stairs_6, minivault_16, kennysheep_kite_vault
Depths:2: minmay_the_grid_octo_triangle [minmay_the_grid_octo_77,
          minmay_the_grid_octo_prize_big_c, minmay_the_grid_octo_clover],
          layout_basic, enter_ziggurat_f, rand_demon_pan_entry_4,
          lightli_too_deep, lemuel_doored_altar, abyss_entry_crystal,
          minmay_fractal_squares_diagonal_5, uniq_grunn, uniq_vv
Depths:3: nzn_winding_woodlands_large [nzn_winding_woodlands_5x5_three,
          nzn_winding_woodlands_5x15_twine,
          nzn_winding_woodlands_5x5_checkerboard,
          nzn_winding_woodlands_center_lodge,
          nzn_winding_woodlands_15x15_thick_spiral,
          nzn_winding_woodlands_center_garden, nzn_winding_woodlands_5x5_cross,
          nzn_winding_woodlands_5x15_sidewinder,
          nzn_winding_woodlands_5x5_open_star], layout_gridlike,
          hangedman_decor_opposing, abyss_entry, hell_entry, minmay_liquid_box,
          nicolae_ru_sacrificial_ziggurat, infiniplex_staircase_river
Depths:4: grunt_twist_and_shout, layout_gridlike, hell_entry,
          corexii_hall_statues_i, grunt_pan_entry_zigzag, tgw_sif
Hell
Coc:1:    layout_ice_bergs
Coc:2:    layout_cocytus_water_paths
Coc:3:    layout_cocytus_delve
Coc:4:    layout_cocytus_delve
Coc:5:    layout_cocytus_water_paths
Coc:6:    layout_ice_bergs
Coc:7:    coc_grunt
Zot:1:    layout_gridlike, nicolae_transmutations_shop, grunt_megastairs_2
Zot:2:    kennysheep_six_static_rooms, layout_concentric_octagons
Zot:3:    layout_onion_interference
Zot:4:    hangedman_snap_crack_crunch, layout_cathedral_of_symmetry,
          ebering_ghost_inner_flame, st_single_dragon_hoard_4,
          lemuel_baited_zot_trap, uniq_josephina
Zot:5:    layout_misc_corridors, st_stairs_1

Skill      XL: |  1  2  3  4  5  6  7  8  9 10 11 12 13 14 15 16 17 18 19 20 21 22 23 24 25 26 27 |
---------------+----------------------------------------------------------------------------------+-----
Long Blades    | 4 5 6 7 9 11 12 14 16 18 20 | 20.7
Stealth        | 1 2 3 4 7 8 9 11 12 14 16 17 19 20 | 20.0
Dodging        | 5 7 8 9 11 13 14 16 18 19 20 22 23 24 25 | 25.0
Fighting       | 3 4 5 7 9 11 13 14 16 18 19 21 22 23 24 25 | 25.2
Armour         | 1 2 3 5 6 7 10 11 15 | 15.3
Evocations     | 1 2 4 6 7 8 9 10 11 13 15 | 15.0
Throwing       | 4 5 6 9 11 13 14 | 14.0
Invocations    | 3 5 6 |  6.0
Shields        | 5 7 8 13 16 18 20 27 | 27.0

Action                     |  1- 3 |  4- 6 |  7- 9 | 10-12 | 13-15 | 16-18 | 19-21 | 22-24 | 25-27 || total
---------------------------+-------+-------+-------+-------+-------+-------+-------+-------+-------++-------
  Melee: Long sword        |    96 |   144 |   213 |   659 |   256 |       |       |       |       ||  1368
         Punch             |       |     3 |     3 |    12 |    20 |       |       |       |       ||    38
         Tailslap          |       |       |     3 |    22 |    19 |    91 |    45 |       |   170 ||   350
         Dagger            |       |       |     1 |     9 |    12 |    81 |    67 |    82 |    44 ||   296
         Scimitar          |       |       |       |    29 |  1208 |   618 |  1345 |  1036 |  2804 ||  7040
         Peck              |       |       |       |       |       |       |       |    56 |   460 ||   516
  Throw: Stone             |       |     2 |     4 |     5 |    19 |    15 |     4 |       |       ||    49
         Dart              |       |       |     8 |     1 |     5 |     2 |       |     3 |     8 ||    27
         Throwing net      |       |       |       |     2 |     1 |     1 |       |     3 |     3 ||    10
         Boomerang         |       |       |       |       |       |       |     1 |    24 |   115 ||   140
         Javelin           |       |       |       |       |       |       |       |       |     3 ||     3
 Invoke: Shadow Step       |       |       |       |     2 |       |    15 |     3 |     3 |       ||    23
  Evoke: Wand              |       |       |     4 |     5 |    11 |    12 |     3 |     6 |    24 ||    65
         Lightning rod     |       |       |       |       |       |       |       |     4 |     4 ||     8
         Condenser vane    |       |       |       |       |       |       |       |     1 |     2 ||     3
         Phial of floods   |       |       |       |       |       |       |       |       |     2 ||     2
         Box of beasts     |       |       |       |       |       |       |       |       |     3 ||     3
         Phantom mirror    |       |       |       |       |       |       |       |       |     1 ||     1
    Use: Scroll            |     1 |    13 |     9 |     6 |    19 |     7 |    13 |    10 |    25 ||   103
         Potion            |       |       |     1 |     1 |     1 |     2 |    14 |    14 |    42 ||    75
   Stab: Sleeping          |       |     4 |     7 |    14 |    24 |    70 |    80 |    61 |    75 ||   335
         Distracted        |       |       |     1 |       |     2 |     4 |    11 |    14 |    35 ||    67
         Paralysed         |       |       |     5 |     4 |     1 |       |       |       |       ||    10
         Held in net/web   |       |       |       |     3 |     4 |       |       |     7 |     3 ||    17
         Confused          |       |       |       |     1 |       |       |       |     1 |       ||     2
         Petrified         |       |       |       |       |     3 |       |     2 |       |       ||     5
         Petrifying        |       |       |       |       |     3 |       |     1 |       |       ||     4
         Invisible         |       |       |       |       |       |       |    37 |       |    11 ||    48
 Armour: Leather armour    |     5 |       |       |       |       |       |       |       |       ||     5
         Scale mail        |    41 |     2 |       |       |       |       |       |       |       ||    43
         Ring mail         |       |    69 |    53 |   140 |   255 |     7 |       |       |    70 ||   594
         Swamp dragon scal |       |       |       |       |       |    85 |   158 |    84 |    96 ||   423
         Ice dragon scales |       |       |       |       |       |       |       |       |    88 ||    88
  Dodge: Dodged            |    62 |   111 |   201 |   769 |  1598 |   907 |  1417 |   614 |  1403 ||  7082
  Block: Buckler           |       |       |       |       |   157 |   430 |   424 |       |       ||  1011
         Kite shield       |       |       |       |       |       |       |   267 |   648 |   447 ||  1362
         Reflection        |       |       |       |       |       |       |       |    16 |   102 ||   118
         Tower shield      |       |       |       |       |       |       |       |       |  2539 ||  2539
Riposte: Scimitar          |       |       |       |       |     1 |   320 |   501 |   277 |  1140 ||  2239
         Dagger            |       |       |       |       |       |    12 |     6 |    16 |    10 ||    44
